Workbook
Name _1PLANNING_LARUSS: #REF!
Name _1PLANNING_LARUSS: #REF!
Name _1PLANNING_LARUSS: #REF!
Name _1PLANNING_LARUSS: #REF!
Name Charges_salariales: #REF!
Name Charges_salariales: #REF!
Name Charges_salariales: #REF!
Name Charges_salariales: #REF!
Name ff: [1]Bécaud!#REF!
Name ff: [1]Bécaud!#REF!
Name ff: [1]Bécaud!#REF!
Name ff: [1]Bécaud!#REF!
Name Fonction: #REF!
Name Fonction: #REF!
Name Fonction: #REF!
Name Fonction: #REF!
Name NBS: #REF!
Name NBS: #REF!
Name NBS: #REF!
Name NBS: #REF!
Name NBSO: #REF!
Name NBSO: #REF!
Name NBSO: #REF!
Name NBSO: #REF!
Name NBST: #REF!
Name NBST: #REF!
Name NBST: #REF!
Name NBST: #REF!
Name Nom_du_salarié: #REF!
Name Nom_du_salarié: #REF!
Name Nom_du_salarié: #REF!
Name Nom_du_salarié: #REF!
Name Periode: #REF!
Name Periode: #REF!
Name Periode: #REF!
Name Periode: #REF!
Name Poste_Budgetaire: #REF!
Name Poste_Budgetaire: #REF!
Name Poste_Budgetaire: #REF!
Name Poste_Budgetaire: #REF!
Name Prénom_du_salarié: #REF!
Name Prénom_du_salarié: #REF!
Name Prénom_du_salarié: #REF!
Name Prénom_du_salarié: #REF!
Name PrintAutomne98: [2]!PrintAutomne98
Name PrintEté98: [2]!PrintEté98
Name PrintHiver99: [2]!PrintHiver99
Name Réf: #REF!
Name Réf: #REF!
Name Réf: #REF!
Name Réf: #REF!
Name Salaire_Brut: #REF!
Name Salaire_Brut: #REF!
Name Salaire_Brut: #REF!
Name Salaire_Brut: #REF!
Name Salaires: #REF!
Name Salaires: #REF!
Name Salaires: #REF!
Name Salaires: #REF!
Name Total: #REF!

Sheet BDD 1 - CHARGES FIXES
A1: Poste | B1: Sous rubrique 1 | C1: Sous rubrique 2 | D1: Libellés | E1: Prestataire | F1: Budget annuel | G1: Budget actualisé | H1: Total TTC | I1: Total HT | J1: Décaissé à ce jour | K1: Engagé à ce jour | L1: Rgt émis le | M1: Banque | N1: Semaine de décaissement | O1: Année de décaissement | P1: N°de fact | Q1: Date de facture | R1: Paie | S1: Salaire Brut | T1: Charges patronale
A2: 1 -Charges fixes | B2: A-ELECTRICITE | F2: =243.54*8 -> 1948.32
A3: =+A2 -> 1 -Charges fixes | B3: =+B2 -> A-ELECTRICITE | D3: Electricité cabinet - janvier 2016 | E3: EDF | G3: 243.54 | H3: =(SUM(G3:G3)) -> 243.54 | I3: =+H3 -> 243.54 | J3: DECAISSE A CE JOUR | L3: 42370 | M3: Société Générale | N3: 1 | O3: 2016
A4: =+A3 -> 1 -Charges fixes | B4: =+B3 -> A-ELECTRICITE | D4: Electricité cabinet - février 2016 | E4: EDF | G4: 243.54 | H4: =(SUM(G4:G4)) -> 243.54 | I4: =+H4 -> 243.54 | J4: DECAISSE A CE JOUR | L4: 42401 | M4: Société Générale | N4: 5 | O4: 2016
A5: =+A4 -> 1 -Charges fixes | B5: =+B4 -> A-ELECTRICITE | D5: Electricité cabinet - mars 2016 | E5: EDF | G5: 243.54 | H5: 243.54 | I5: =+H5 -> 243.54 | J5: DECAISSE A CE JOUR | L5: 42430 | M5: Société Générale | N5: 9 | O5: 2016
A6: =+A5 -> 1 -Charges fixes | B6: =+B5 -> A-ELECTRICITE | D6: Electricité cabinet - avril 2016 | E6: EDF | G6: 243.54 | H6: =+IF(K6="ENGAGE A CE JOUR",G6,"ERREUR") -> 243.54 | I6: =+H6 -> 243.54 | K6: ENGAGE A CE JOUR | L6: 42461 | M6: Société Générale | N6: 13 | O6: 2016
A7: =+A6 -> 1 -Charges fixes | B7: =+B6 -> A-ELECTRICITE | D7: Electricité cabinet - mai 2016 | E7: EDF | G7: 243.54 | H7: =+IF(K7="ENGAGE A CE JOUR",G7,"ERREUR") -> 243.54 | I7: =+H7 -> 243.54 | K7: ENGAGE A CE JOUR | L7: 42491 | M7: Société Générale | N7: 17 | O7: 2016
A8: =+A7 -> 1 -Charges fixes | B8: =+B7 -> A-ELECTRICITE | D8: Electricité cabinet - juin 2016 | E8: EDF | G8: 243.54 | H8: =+IF(K8="ENGAGE A CE JOUR",G8,"ERREUR") -> 243.54 | I8: =+H8 -> 243.54 | K8: ENGAGE A CE JOUR | L8: 42522 | M8: Société Générale | N8: 22 | O8: 2016
A9: =+A8 -> 1 -Charges fixes | B9: =+B8 -> A-ELECTRICITE | D9: Electricité cabinet - juillet 2016 | E9: EDF | G9: 243.54 | H9: =+IF(K9="ENGAGE A CE JOUR",G9,"ERREUR") -> 243.54 | I9: =+H9 -> 243.54 | K9: ENGAGE A CE JOUR | L9: 42552 | M9: Société Générale | N9: 26 | O9: 2016
A10: =+A9 -> 1 -Charges fixes | B10: =+B9 -> A-ELECTRICITE | D10: Electricité cabinet - aout 2016 | E10: EDF | G10: 243.54 | H10: =+IF(K10="ENGAGE A CE JOUR",G10,"ERREUR") -> 243.54 | I10: =+H10 -> 243.54 | K10: ENGAGE A CE JOUR | L10: 42583 | M10: Société Générale | N10: 31 | O10: 2016
A11: =+A10 -> 1 -Charges fixes | B11: B-ASSURANCE RC PRO | F11: =548.2*12 -> 6578.4
A12: =+A11 -> 1 -Charges fixes | B12: =+B11 -> B-ASSURANCE RC PRO | D12: Assurance cabinet - janvier 2016 | E12: MACSF | G12: 542.19 | H12: 548.2 | I12: =+H12 -> 548.2 | J12: DECAISSE A CE JOUR | L12: 42373 | M12: Société Générale | N12: 1 | O12: 2016
A13: =+A12 -> 1 -Charges fixes | B13: =+B12 -> B-ASSURANCE RC PRO | D13: Assurance cabinet - février 2016 | E13: =+E12 -> MACSF | G13: =+G12 -> 542.19 | H13: 548.2 | I13: =+H13 -> 548.2 | J13: DECAISSE A CE JOUR | L13: 42404 | M13: Société Générale | N13: 5 | O13: 2016
A14: =+A13 -> 1 -Charges fixes | B14: =+B13 -> B-ASSURANCE RC PRO | D14: Assurance cabinet - mars 2016 | E14: =+E13 -> MACSF | G14: =+G13 -> 542.19 | H14: 548.2 | I14: =+H14 -> 548.2 | J14: DECAISSE A CE JOUR | L14: 42433 | M14: Société Générale | N14: 9 | O14: 2016
A15: =+A14 -> 1 -Charges fixes | B15: =+B14 -> B-ASSURANCE RC PRO | D15: Assurance cabinet - avril 2016 | E15: AXA | G15: =+G14 -> 542.19 | H15: =+IF(K15="ENGAGE A CE JOUR",G15,"ERREUR") -> 542.19 | I15: =+H15 -> 542.19 | K15: ENGAGE A CE JOUR | L15: 42464 | M15: Crédit Agricole | N15: 14 | O15: 2016
A16: =+A15 -> 1 -Charges fixes | B16: =+B15 -> B-ASSURANCE RC PRO | D16: Assurance cabinet - mai 2016 | E16: =+E15 -> AXA | G16: =+G15 -> 542.19 | H16: =+IF(K16="ENGAGE A CE JOUR",G16,"ERREUR") -> 542.19 | I16: =+H16 -> 542.19 | K16: ENGAGE A CE JOUR | L16: 42494 | M16: Crédit Agricole | N16: 18 | O16: 2016
A17: =+A16 -> 1 -Charges fixes | B17: =+B16 -> B-ASSURANCE RC PRO | D17: Assurance cabinet - juin 2016 | E17: =+E16 -> AXA | G17: =+G16 -> 542.19 | H17: =+IF(K17="ENGAGE A CE JOUR",G17,"ERREUR") -> 542.19 | I17: =+H17 -> 542.19 | K17: ENGAGE A CE JOUR | L17: 42525 | M17: Crédit Agricole | N17: 22 | O17: 2016
A18: =+A17 -> 1 -Charges fixes | B18: =+B17 -> B-ASSURANCE RC PRO | D18: Assurance cabinet - juillet 2016 | E18: =+E17 -> AXA | G18: =+G17 -> 542.19 | H18: =+IF(K18="ENGAGE A CE JOUR",G18,"ERREUR") -> 542.19 | I18: =+H18 -> 542.19 | K18: ENGAGE A CE JOUR | L18: 42555 | M18: Crédit Agricole | N18: 27 | O18: 2016
A19: =+A18 -> 1 -Charges fixes | B19: =+B18 -> B-ASSURANCE RC PRO | D19: Assurance cabinet - aout 2016 | E19: =+E18 -> AXA | G19: =+G18 -> 542.19 | H19: =+IF(K19="ENGAGE A CE JOUR",G19,"ERREUR") -> 542.19 | I19: =+H19 -> 542.19 | K19: ENGAGE A CE JOUR | L19: 42586 | M19: Crédit Agricole | N19: 31 | O19: 2016
A20: =+A19 -> 1 -Charges fixes | B20: =+B19 -> B-ASSURANCE RC PRO | D20: Assurance cabinet - septembre 2016 | E20: =+E19 -> AXA | G20: =+G19 -> 542.19 | H20: =+IF(K20="ENGAGE A CE JOUR",G20,"ERREUR") -> 542.19 | I20: =+H20 -> 542.19 | K20: ENGAGE A CE JOUR | L20: 42617 | M20: Crédit Agricole | N20: 35 | O20: 2016
A21: =+A20 -> 1 -Charges fixes | B21: =+B20 -> B-ASSURANCE RC PRO | D21: Assurance cabinet - octobre 2016 | E21: =+E20 -> AXA | G21: =+G20 -> 542.19 | H21: =+IF(K21="ENGAGE A CE JOUR",G21,"ERREUR") -> 542.19 | I21: =+H21 -> 542.19 | K21: ENGAGE A CE JOUR | L21: 42647 | M21: Crédit Agricole | N21: 40 | O21: 2016
A22: =+A21 -> 1 -Charges fixes | B22: =+B21 -> B-ASSURANCE RC PRO | D22: Assurance cabinet - novembre 2016 | E22: =+E21 -> AXA | G22: =+G21 -> 542.19 | H22: =+IF(K22="ENGAGE A CE JOUR",G22,"ERREUR") -> 542.19 | I22: =+H22 -> 542.19 | K22: ENGAGE A CE JOUR | L22: 42678 | M22: Crédit Agricole | N22: 44 | O22: 2016
A23: =+A22 -> 1 -Charges fixes | B23: =+B22 -> B-ASSURANCE RC PRO | D23: Assurance cabinet - decembre 2016 | E23: =+E22 -> AXA | G23: =+G22 -> 542.19 | H23: =+IF(K23="ENGAGE A CE JOUR",G23,"ERREUR") -> 542.19 | I23: =+H23 -> 542.19 | K23: ENGAGE A CE JOUR | L23: 42708 | M23: Crédit Agricole | N23: 48 | O23: 2016
A24: =+A23 -> 1 -Charges fixes | B24: C-LOCATION PARKING | F24: =150*12 -> 1800
A25: =+A24 -> 1 -Charges fixes | B25: =+B24 -> C-LOCATION PARKING | D25: Parking - janvier 2016 | E25: PARKING | G25: 150 | H25: 150 | I25: =+H25 -> 150 | J25: DECAISSE A CE JOUR | L25: 42373 | M25: CIC | N25: 1 | O25: 2016
A26: =+A25 -> 1 -Charges fixes | B26: =+B25 -> C-LOCATION PARKING | D26: Parking - février 2016 | E26: PARKING | G26: 150 | H26: 150 | I26: =+H26 -> 150 | J26: DECAISSE A CE JOUR | L26: 42404 | M26: CIC | N26: 5 | O26: 2016
A27: =+A26 -> 1 -Charges fixes | B27: =+B26 -> C-LOCATION PARKING | D27: Parking - mars 2016 | E27: PARKING | G27: 150 | H27: 150 | I27: =+H27 -> 150 | J27: DECAISSE A CE JOUR | L27: 42433 | M27: CIC | N27: 9 | O27: 2016
A28: =+A27 -> 1 -Charges fixes | B28: =+B27 -> C-LOCATION PARKING | D28: Parking - avril 2016 | E28: PARKING | G28: 150 | H28: =+IF(K28="ENGAGE A CE JOUR",G28,"ERREUR") -> 150 | I28: =+H28 -> 150 | K28: ENGAGE A CE JOUR | L28: 42464 | M28: CIC | N28: 14 | O28: 2016
A29: =+A28 -> 1 -Charges fixes | B29: =+B28 -> C-LOCATION PARKING | D29: Parking - mai 2016 | E29: PARKING | G29: 150 | H29: =+IF(K29="ENGAGE A CE JOUR",G29,"ERREUR") -> 150 | I29: =+H29 -> 150 | K29: ENGAGE A CE JOUR | L29: 42494 | M29: CIC | N29: 18 | O29: 2016
A30: =+A29 -> 1 -Charges fixes | B30: =+B29 -> C-LOCATION PARKING | D30: Parkingt - juin 2016 | E30: PARKING | G30: 150 | H30: =+IF(K30="ENGAGE A CE JOUR",G30,"ERREUR") -> 150 | I30: =+H30 -> 150 | K30: ENGAGE A CE JOUR | L30: 42525 | M30: CIC | N30: 22 | O30: 2016
A31: =+A30 -> 1 -Charges fixes | B31: =+B30 -> C-LOCATION PARKING | D31: Parking - juillet 2016 | E31: PARKING | G31: 150 | H31: =+IF(K31="ENGAGE A CE JOUR",G31,"ERREUR") -> 150 | I31: =+H31 -> 150 | K31: ENGAGE A CE JOUR | L31: 42555 | M31: CIC | N31: 27 | O31: 2016
A32: =+A31 -> 1 -Charges fixes | B32: =+B31 -> C-LOCATION PARKING | D32: Parking - aout 2016 | E32: PARKING | G32: 150 | H32: =+IF(K32="ENGAGE A CE JOUR",G32,"ERREUR") -> 150 | I32: =+H32 -> 150 | K32: ENGAGE A CE JOUR | L32: 42586 | M32: CIC | N32: 31 | O32: 2016
A33: =+A32 -> 1 -Charges fixes | B33: =+B32 -> C-LOCATION PARKING | D33: Parking - septembre 2016 | E33: PARKING | G33: 150 | H33: =+IF(K33="ENGAGE A CE JOUR",G33,"ERREUR") -> 150 | I33: =+H33 -> 150 | K33: ENGAGE A CE JOUR | L33: 42617 | M33: CIC | N33: 35 | O33: 2016
A34: =+A33 -> 1 -Charges fixes | B34: =+B33 -> C-LOCATION PARKING | D34: Parking - octobre 2016 | E34: PARKING | G34: 150 | H34: =+IF(K34="ENGAGE A CE JOUR",G34,"ERREUR") -> 150 | I34: =+H34 -> 150 | K34: ENGAGE A CE JOUR | L34: 42647 | M34: CIC | N34: 40 | O34: 2016
A35: =+A34 -> 1 -Charges fixes | B35: =+B34 -> C-LOCATION PARKING | D35: Parking - novembre 2016 | E35: PARKING | G35: 150 | H35: =+IF(K35="ENGAGE A CE JOUR",G35,"ERREUR") -> 150 | I35: =+H35 -> 150 | K35: ENGAGE A CE JOUR | L35: 42678 | M35: CIC | N35: 44 | O35: 2016
A36: =+A35 -> 1 -Charges fixes | B36: =+B35 -> C-LOCATION PARKING | D36: Parking - decembre 2016 | E36: PARKING | G36: 150 | H36: =+IF(K36="ENGAGE A CE JOUR",G36,"ERREUR") -> 150 | I36: =+H36 -> 150 | K36: ENGAGE A CE JOUR | L36: 42708 | M36: CIC | N36: 48 | O36: 2016
A37: =+A36 -> 1 -Charges fixes | B37: C-CHAINES TV | F37: =39.9*12+8*12 -> 574.8
A38: =+A37 -> 1 -Charges fixes | B38: =+B37 -> C-CHAINES TV | D38: Canal + abt 1 - janvier 2016 | E38: CANAL + | G38: 39.9 | H38: =(SUM(G38:G38)) -> 39.9 | I38: =+H38 -> 39.9 | J38: DECAISSE A CE JOUR | L38: 42373 | M38: Société Générale | N38: 1 | O38: 2016
A39: =+A38 -> 1 -Charges fixes | B39: =+B38 -> C-CHAINES TV | D39: Canal + abt 1 - février 2016 | E39: CANAL + | G39: 39.9 | H39: =(SUM(G39:G39)) -> 39.9 | I39: =+H39 -> 39.9 | J39: DECAISSE A CE JOUR | L39: 42404 | M39: =+M38 -> Société Générale | N39: 5 | O39: 2016
A40: =+A39 -> 1 -Charges fixes | B40: =+B39 -> C-CHAINES TV | D40: Canal + abt 1 - mars 2016 | E40: CANAL + | G40: 39.9 | H40: 39.9 | I40: =+H40 -> 39.9 | J40: DECAISSE A CE JOUR | L40: 42433 | M40: =+M39 -> Société Générale | N40: 9 | O40: 2016
A41: =+A40 -> 1 -Charges fixes | B41: =+B40 -> C-CHAINES TV | D41: Canal + abt 1 - avril 2016 | E41: CANAL + | G41: 39.9 | H41: =+IF(K41="ENGAGE A CE JOUR",G41,"ERREUR") -> 39.9 | I41: =+H41 -> 39.9 | K41: ENGAGE A CE JOUR | L41: 42464 | M41: =+M40 -> Société Générale | N41: 14 | O41: 2016
A42: =+A41 -> 1 -Charges fixes | B42: =+B41 -> C-CHAINES TV | D42: Canal + abt 1 - mai 2016 | E42: CANAL + | G42: 39.9 | H42: =+IF(K42="ENGAGE A CE JOUR",G42,"ERREUR") -> 39.9 | I42: =+H42 -> 39.9 | K42: ENGAGE A CE JOUR | L42: 42494 | M42: =+M41 -> Société Générale | N42: 18 | O42: 2016
A43: =+A42 -> 1 -Charges fixes | B43: =+B42 -> C-CHAINES TV | D43: Canal + abt 1 - juin 2016 | E43: CANAL + | G43: 39.9 | H43: =+IF(K43="ENGAGE A CE JOUR",G43,"ERREUR") -> 39.9 | I43: =+H43 -> 39.9 | K43: ENGAGE A CE JOUR | L43: 42525 | M43: =+M42 -> Société Générale | N43: 22 | O43: 2016
A44: =+A43 -> 1 -Charges fixes | B44: =+B43 -> C-CHAINES TV | D44: Canal + abt 1 - juillet 2016 | E44: CANAL + | G44: 39.9 | H44: =+IF(K44="ENGAGE A CE JOUR",G44,"ERREUR") -> 39.9 | I44: =+H44 -> 39.9 | K44: ENGAGE A CE JOUR | L44: 42555 | M44: =+M43 -> Société Générale | N44: 27 | O44: 2016
A45: =+A44 -> 1 -Charges fixes | B45: =+B44 -> C-CHAINES TV | D45: Canal + abt 1 - aout 2016 | E45: CANAL + | G45: 39.9 | H45: =+IF(K45="ENGAGE A CE JOUR",G45,"ERREUR") -> 39.9 | I45: =+H45 -> 39.9 | K45: ENGAGE A CE JOUR | L45: 42586 | M45: =+M44 -> Société Générale | N45: 31 | O45: 2016
A46: =+A45 -> 1 -Charges fixes | B46: =+B45 -> C-CHAINES TV | D46: Canal + abt 1 - septembre 2016 | E46: CANAL + | G46: 39.9 | H46: =+IF(K46="ENGAGE A CE JOUR",G46,"ERREUR") -> 39.9 | I46: =+H46 -> 39.9 | K46: ENGAGE A CE JOUR | L46: 42617 | M46: =+M45 -> Société Générale | N46: 35 | O46: 2016
A47: =+A46 -> 1 -Charges fixes | B47: =+B46 -> C-CHAINES TV | D47: Canal + abt 1 - octobre 2016 | E47: CANAL + | G47: 39.9 | H47: =+IF(K47="ENGAGE A CE JOUR",G47,"ERREUR") -> 39.9 | I47: =+H47 -> 39.9 | K47: ENGAGE A CE JOUR | L47: 42647 | M47: =+M46 -> Société Générale | N47: 40 | O47: 2016
A48: =+A47 -> 1 -Charges fixes | B48: =+B47 -> C-CHAINES TV | D48: Canal + abt 1 - novembre 2016 | E48: CANAL + | G48: 39.9 | H48: =+IF(K48="ENGAGE A CE JOUR",G48,"ERREUR") -> 39.9 | I48: =+H48 -> 39.9 | K48: ENGAGE A CE JOUR | L48: 42678 | M48: =+M47 -> Société Générale | N48: 44 | O48: 2016
A49: =+A48 -> 1 -Charges fixes | B49: =+B48 -> C-CHAINES TV | D49: Canal + abt 1 - decembre 2016 | E49: CANAL + | G49: 39.9 | H49: =+IF(K49="ENGAGE A CE JOUR",G49,"ERREUR") -> 39.9 | I49: =+H49 -> 39.9 | K49: ENGAGE A CE JOUR | L49: 42708 | M49: =+M48 -> Société Générale | N49: 48 | O49: 2016
A50: =+A49 -> 1 -Charges fixes | B50: =+B49 -> C-CHAINES TV | D50: Canal + abt 2 - janvier 2016 | E50: CANAL + | G50: 8 | H50: =(SUM(G50:G50)) -> 8 | I50: =+H50 -> 8 | J50: DECAISSE A CE JOUR | L50: 42373 | M50: =+M49 -> Société Générale | N50: 1 | O50: 2016
A51: =+A50 -> 1 -Charges fixes | B51: =+B50 -> C-CHAINES TV | D51: Canal + abt 2 - février 2016 | E51: CANAL + | G51: 8 | H51: 8 | I51: =+H51 -> 8 | J51: DECAISSE A CE JOUR | L51: 42404 | M51: =+M50 -> Société Générale | N51: 5 | O51: 2016
A52: =+A51 -> 1 -Charges fixes | B52: =+B51 -> C-CHAINES TV | D52: Canal + abt 2 - mars 2016 | E52: CANAL + | G52: 8 | H52: 8 | I52: =+H52 -> 8 | J52: DECAISSE A CE JOUR | L52: 42433 | M52: =+M51 -> Société Générale | N52: 9 | O52: 2016
A53: =+A52 -> 1 -Charges fixes | B53: =+B52 -> C-CHAINES TV | D53: Canal + abt 2 - avril 2016 | E53: CANAL + | G53: 8 | H53: =+IF(K53="ENGAGE A CE JOUR",G53,"ERREUR") -> 8 | I53: =+H53 -> 8 | K53: ENGAGE A CE JOUR | L53: 42464 | M53: =+M52 -> Société Générale | N53: 14 | O53: 2016
A54: =+A53 -> 1 -Charges fixes | B54: =+B53 -> C-CHAINES TV | D54: Canal + abt 2 - mai 2016 | E54: CANAL + | G54: 8 | H54: =+IF(K54="ENGAGE A CE JOUR",G54,"ERREUR") -> 8 | I54: =+H54 -> 8 | K54: ENGAGE A CE JOUR | L54: 42494 | M54: =+M53 -> Société Générale | N54: 18 | O54: 2016
A55: =+A54 -> 1 -Charges fixes | B55: =+B54 -> C-CHAINES TV | D55: Canal + abt 2 - juin 2016 | E55: CANAL + | G55: 8 | H55: =+IF(K55="ENGAGE A CE JOUR",G55,"ERREUR") -> 8 | I55: =+H55 -> 8 | K55: ENGAGE A CE JOUR | L55: 42525 | M55: =+M54 -> Société Générale | N55: 22 | O55: 2016
A56: =+A55 -> 1 -Charges fixes | B56: =+B55 -> C-CHAINES TV | D56: Canal + abt 2 - juillet 2016 | E56: CANAL + | G56: 8 | H56: =+IF(K56="ENGAGE A CE JOUR",G56,"ERREUR") -> 8 | I56: =+H56 -> 8 | K56: ENGAGE A CE JOUR | L56: 42555 | M56: =+M55 -> Société Générale | N56: 27 | O56: 2016
A57: =+A56 -> 1 -Charges fixes | B57: =+B56 -> C-CHAINES TV | D57: Canal + abt 2 - aout 2016 | E57: CANAL + | G57: 8 | H57: =+IF(K57="ENGAGE A CE JOUR",G57,"ERREUR") -> 8 | I57: =+H57 -> 8 | K57: ENGAGE A CE JOUR | L57: 42586 | M57: =+M56 -> Société Générale | N57: 31 | O57: 2016
A58: =+A57 -> 1 -Charges fixes | B58: =+B57 -> C-CHAINES TV | D58: Canal + abt 2 - septembre 2016 | E58: CANAL + | G58: 8 | H58: =+IF(K58="ENGAGE A CE JOUR",G58,"ERREUR") -> 8 | I58: =+H58 -> 8 | K58: ENGAGE A CE JOUR | L58: 42617 | M58: =+M57 -> Société Générale | N58: 35 | O58: 2016
A59: =+A58 -> 1 -Charges fixes | B59: =+B58 -> C-CHAINES TV | D59: Canal + abt 2 - octobre 2016 | E59: CANAL + | G59: 8 | H59: =+IF(K59="ENGAGE A CE JOUR",G59,"ERREUR") -> 8 | I59: =+H59 -> 8 | K59: ENGAGE A CE JOUR | L59: 42647 | M59: =+M58 -> Société Générale | N59: 40 | O59: 2016
A60: =+A59 -> 1 -Charges fixes | B60: =+B59 -> C-CHAINES TV | D60: Canal + abt 2 - novembre 2016 | E60: CANAL + | G60: 8 | H60: =+IF(K60="ENGAGE A CE JOUR",G60,"ERREUR") -> 8 | I60: =+H60 -> 8 | K60: ENGAGE A CE JOUR | L60: 42678 | M60: =+M59 -> Société Générale | N60: 44 | O60: 2016
A61: =+A60 -> 1 -Charges fixes | B61: =+B60 -> C-CHAINES TV | D61: Canal + abt 2 - decembre 2016 | E61: CANAL + | G61: 8 | H61: =+IF(K61="ENGAGE A CE JOUR",G61,"ERREUR") -> 8 | I61: =SUM(G61:G61)-#REF!-#REF! -> #REF! | K61: ENGAGE A CE JOUR | L61: 42708 | M61: =+M60 -> Société Générale | N61: 48 | O61: 2016
A62: =+A61 -> 1 -Charges fixes | B62: D-CHARGES SOCIALES | F62: =1342*4 -> 5368
A63: =+A62 -> 1 -Charges fixes | B63: =+B62 -> D-CHARGES SOCIALES | D63: dirigeant - février 2016 | E63: URSSAF | G63: 1389 | H63: 1389 | I63: =+H63 -> 1389 | J63: DECAISSE A CE JOUR | L63: 42405 | M63: Société Générale | N63: 5 | O63: 2016 | R63: 42370 | T63: 1389
A64: =+A63 -> 1 -Charges fixes | B64: =+B63 -> D-CHARGES SOCIALES | D64: dirigeant - mai 2016 | E64: =+E63 -> URSSAF | G64: 1389 | H64: =+IF(K64="ENGAGE A CE JOUR",G64,"ERREUR") -> 1389 | I64: =+H64 -> 1389 | K64: ENGAGE A CE JOUR | L64: 42495 | N64: 18 | O64: 2016 | R64: 42461 | T64: 1389
A65: =+A64 -> 1 -Charges fixes | B65: =+B64 -> D-CHARGES SOCIALES | D65: dirigeant - aout 2016 | E65: =+E64 -> URSSAF | G65: 1389 | H65: =+IF(K65="ENGAGE A CE JOUR",G65,"ERREUR") -> 1389 | I65: =+H65 -> 1389 | K65: ENGAGE A CE JOUR | L65: 42587 | N65: 31 | O65: 2016 | R65: 42552 | T65: 1389
A66: =+A65 -> 1 -Charges fixes | B66: =+B65 -> D-CHARGES SOCIALES | D66: dirigeant - novembre 2016 | E66: =+E65 -> URSSAF | G66: 1389 | H66: =+IF(K66="ENGAGE A CE JOUR",G66,"ERREUR") -> 1389 | I66: =+H66 -> 1389 | K66: ENGAGE A CE JOUR | L66: 42679 | N66: 44 | O66: 2016 | R66: 42644 | T66: 1389
A67: =+A66 -> 1 -Charges fixes | B67: E-ASSURANCE LOCAUX | F67: =103.09*12 -> 1237.08
A68: =+A67 -> 1 -Charges fixes | B68: =+B67 -> E-ASSURANCE LOCAUX | D68: Assurance locaux - janvier 2016 | E68: ALLIANZ | G68: 103.09 | H68: 103.09 | I68: =+H68 -> 103.09 | J68: DECAISSE A CE JOUR | L68: 42377 | M68: Société Générale | N68: 1 | O68: 2016
A69: =+A68 -> 1 -Charges fixes | B69: =+B68 -> E-ASSURANCE LOCAUX | D69: Assurance locaux - février 2016 | E69: ALLIANZ | G69: 103.09 | H69: 103.09 | I69: =+H69 -> 103.09 | J69: DECAISSE A CE JOUR | L69: 42408 | M69: Société Générale | N69: 6 | O69: 2016
A70: =+A69 -> 1 -Charges fixes | B70: =+B69 -> E-ASSURANCE LOCAUX | D70: Assurance locaux - mars 2016 | E70: ALLIANZ | G70: 103.09 | H70: 103.09 | I70: =+H70 -> 103.09 | J70: DECAISSE A CE JOUR | L70: 42437 | M70: Société Générale | N70: 10 | O70: 2016
A71: =+A70 -> 1 -Charges fixes | B71: =+B70 -> E-ASSURANCE LOCAUX | D71: Assurance locaux - avril 2016 | E71: ALLIANZ | G71: 103.09 | H71: =+IF(K71="ENGAGE A CE JOUR",G71,"ERREUR") -> 103.09 | I71: =+H71 -> 103.09 | K71: ENGAGE A CE JOUR | L71: 42468 | M71: Société Générale | N71: 14 | O71: 2016
A72: =+A71 -> 1 -Charges fixes | B72: =+B71 -> E-ASSURANCE LOCAUX | D72: Assurance locaux - mai 2016 | E72: ALLIANZ | G72: 103.09 | H72: =+IF(K72="ENGAGE A CE JOUR",G72,"ERREUR") -> 103.09 | I72: =+H72 -> 103.09 | K72: ENGAGE A CE JOUR | L72: 42498 | M72: Société Générale | N72: 18 | O72: 2016
A73: =+A72 -> 1 -Charges fixes | B73: =+B72 -> E-ASSURANCE LOCAUX | D73: Assurance locaux - juin 2016 | E73: ALLIANZ | G73: 103.09 | H73: =+IF(K73="ENGAGE A CE JOUR",G73,"ERREUR") -> 103.09 | I73: =+H73 -> 103.09 | K73: ENGAGE A CE JOUR | L73: 42529 | M73: Société Générale | N73: 23 | O73: 2016
A74: =+A73 -> 1 -Charges fixes | B74: =+B73 -> E-ASSURANCE LOCAUX | D74: Assurance locaux - juillet 2016 | E74: ALLIANZ | G74: 103.09 | H74: =+IF(K74="ENGAGE A CE JOUR",G74,"ERREUR") -> 103.09 | I74: =+H74 -> 103.09 | K74: ENGAGE A CE JOUR | L74: 42559 | M74: Société Générale | N74: 27 | O74: 2016
A75: =+A74 -> 1 -Charges fixes | B75: =+B74 -> E-ASSURANCE LOCAUX | D75: Assurance locaux - aout 2016 | E75: ALLIANZ | G75: 103.09 | H75: =+IF(K75="ENGAGE A CE JOUR",G75,"ERREUR") -> 103.09 | I75: =+H75 -> 103.09 | K75: ENGAGE A CE JOUR | L75: 42590 | M75: Société Générale | N75: 32 | O75: 2016
A76: =+A75 -> 1 -Charges fixes | B76: =+B75 -> E-ASSURANCE LOCAUX | D76: Assurance locaux - septembre 2016 | E76: ALLIANZ | G76: 103.09 | H76: =+IF(K76="ENGAGE A CE JOUR",G76,"ERREUR") -> 103.09 | I76: =+H76 -> 103.09 | K76: ENGAGE A CE JOUR | L76: 42621 | M76: Société Générale | N76: 36 | O76: 2016
A77: =+A76 -> 1 -Charges fixes | B77: =+B76 -> E-ASSURANCE LOCAUX | D77: Assurance locaux - octobre 2016 | E77: ALLIANZ | G77: 103.09 | H77: =+IF(K77="ENGAGE A CE JOUR",G77,"ERREUR") -> 103.09 | I77: =+H77 -> 103.09 | K77: ENGAGE A CE JOUR | L77: 42651 | M77: Société Générale | N77: 40 | O77: 2016
A78: =+A77 -> 1 -Charges fixes | B78: =+B77 -> E-ASSURANCE LOCAUX | D78: Assurance locaux - novembre 2016 | E78: ALLIANZ | G78: 103.09 | H78: =+IF(K78="ENGAGE A CE JOUR",G78,"ERREUR") -> 103.09 | I78: =+H78 -> 103.09 | K78: ENGAGE A CE JOUR | L78: 42682 | M78: Société Générale | N78: 45 | O78: 2016
A79: =+A78 -> 1 -Charges fixes | B79: =+B78 -> E-ASSURANCE LOCAUX | D79: Assurance locaux - décembre 2016 | E79: ALLIANZ | G79: 103.09 | H79: =+IF(K79="ENGAGE A CE JOUR",G79,"ERREUR") -> 103.09 | I79: =+H79 -> 103.09 | K79: ENGAGE A CE JOUR | L79: 42712 | M79: Société Générale | N79: 49 | O79: 2016
A80: =+A79 -> 1 -Charges fixes | B80: F-TELEPHONE ET INTERNET ADSL | F80: =100*12+32.98*12 -> 1595.76
A81: =+A80 -> 1 -Charges fixes | B81: =+B80 -> F-TELEPHONE ET INTERNET ADSL | D81: Frais de téléphone - janvier 2016 | E81: FREE ADSL | G81: 100 | H81: 131.12 | I81: =+H81 -> 131.12 | J81: DECAISSE A CE JOUR | L81: 42377 | M81: Société Générale | N81: 1 | O81: 2016
A82: =+A81 -> 1 -Charges fixes | B82: =+B81 -> F-TELEPHONE ET INTERNET ADSL | D82: Frais de téléphone - février 2016 | E82: FREE ADSL | G82: 100 | H82: 85.83 | I82: =+H82 -> 85.83 | J82: DECAISSE A CE JOUR | L82: 42408 | M82: Société Générale | N82: 6 | O82: 2016
A83: =+A82 -> 1 -Charges fixes | B83: =+B82 -> F-TELEPHONE ET INTERNET ADSL | D83: Frais de téléphone - mars 2016 | E83: FREE ADSL | G83: 100 | H83: 68.4 | I83: =+H83 -> 68.4 | J83: DECAISSE A CE JOUR | L83: 42437 | M83: Société Générale | N83: 10 | O83: 2016
A84: =+A83 -> 1 -Charges fixes | B84: =+B83 -> F-TELEPHONE ET INTERNET ADSL | D84: Frais de téléphone - avril 2016 | E84: FREE ADSL | G84: 100 | H84: =+IF(K84="ENGAGE A CE JOUR",G84,"ERREUR") -> 100 | I84: =+H84 -> 100 | K84: ENGAGE A CE JOUR | L84: 42468 | M84: Société Générale | N84: 14 | O84: 2016
A85: =+A84 -> 1 -Charges fixes | B85: =+B84 -> F-TELEPHONE ET INTERNET ADSL | D85: Frais de téléphone - mai 2016 | E85: FREE ADSL | G85: 100 | H85: =+IF(K85="ENGAGE A CE JOUR",G85,"ERREUR") -> 100 | I85: =+H85 -> 100 | K85: ENGAGE A CE JOUR | L85: 42498 | M85: Société Générale | N85: 18 | O85: 2016
A86: =+A85 -> 1 -Charges fixes | B86: =+B85 -> F-TELEPHONE ET INTERNET ADSL | D86: Frais de téléphone - juin 2016 | E86: FREE ADSL | G86: 100 | H86: =+IF(K86="ENGAGE A CE JOUR",G86,"ERREUR") -> 100 | I86: =+H86 -> 100 | K86: ENGAGE A CE JOUR | L86: 42529 | M86: Société Générale | N86: 23 | O86: 2016
A87: =+A86 -> 1 -Charges fixes | B87: =+B86 -> F-TELEPHONE ET INTERNET ADSL | D87: Frais de téléphone - juillet 2016 | E87: FREE ADSL | G87: 100 | H87: =+IF(K87="ENGAGE A CE JOUR",G87,"ERREUR") -> 100 | I87: =+H87 -> 100 | K87: ENGAGE A CE JOUR | L87: 42559 | M87: Société Générale | N87: 27 | O87: 2016
A88: =+A87 -> 1 -Charges fixes | B88: =+B87 -> F-TELEPHONE ET INTERNET ADSL | D88: Frais de téléphone - aout 2016 | E88: FREE ADSL | G88: 100 | H88: =+IF(K88="ENGAGE A CE JOUR",G88,"ERREUR") -> 100 | I88: =+H88 -> 100 | K88: ENGAGE A CE JOUR | L88: 42590 | M88: Société Générale | N88: 32 | O88: 2016
A89: =+A88 -> 1 -Charges fixes | B89: =+B88 -> F-TELEPHONE ET INTERNET ADSL | D89: Frais de téléphone - septembre 2016 | E89: FREE ADSL | G89: 100 | H89: =+IF(K89="ENGAGE A CE JOUR",G89,"ERREUR") -> 100 | I89: =+H89 -> 100 | K89: ENGAGE A CE JOUR | L89: 42621 | M89: Société Générale | N89: 36 | O89: 2016
A90: =+A89 -> 1 -Charges fixes | B90: =+B89 -> F-TELEPHONE ET INTERNET ADSL | D90: Frais de téléphone - octobre 2016 | E90: FREE ADSL | G90: 100 | H90: =+IF(K90="ENGAGE A CE JOUR",G90,"ERREUR") -> 100 | I90: =+H90 -> 100 | K90: ENGAGE A CE JOUR | L90: 42651 | M90: Société Générale | N90: 40 | O90: 2016
A91: =+A90 -> 1 -Charges fixes | B91: =+B90 -> F-TELEPHONE ET INTERNET ADSL | D91: Frais de téléphone - novembre 2016 | E91: FREE ADSL | G91: 100 | H91: =+IF(K91="ENGAGE A CE JOUR",G91,"ERREUR") -> 100 | I91: =+H91 -> 100 | K91: ENGAGE A CE JOUR | L91: 42682 | M91: Société Générale | N91: 45 | O91: 2016
A92: =+A91 -> 1 -Charges fixes | B92: =+B91 -> F-TELEPHONE ET INTERNET ADSL | D92: Frais de téléphone - décembre 2016 | E92: FREE ADSL | G92: 100 | H92: =+IF(K92="ENGAGE A CE JOUR",G92,"ERREUR") -> 100 | I92: =+H92 -> 100 | K92: ENGAGE A CE JOUR | L92: 42712 | M92: Société Générale | N92: 49 | O92: 2016
A93: =+A92 -> 1 -Charges fixes | B93: =+B92 -> F-TELEPHONE ET INTERNET ADSL | D93: Frais de téléphone - janvier 2016 | E93: FREE ADSL | G93: 32.98 | H93: 32.98 | I93: =+H93 -> 32.98 | J93: DECAISSE A CE JOUR | L93: 42377 | M93: Société Générale | N93: 1 | O93: 2016
A94: =+A93 -> 1 -Charges fixes | B94: =+B93 -> F-TELEPHONE ET INTERNET ADSL | D94: Frais de téléphone - février 2016 | E94: FREE ADSL | G94: 32.98 | H94: 32.98 | I94: =+H94 -> 32.98 | J94: DECAISSE A CE JOUR | L94: 42408 | M94: Société Générale | N94: 6 | O94: 2016
A95: =+A94 -> 1 -Charges fixes | B95: =+B94 -> F-TELEPHONE ET INTERNET ADSL | D95: Frais de téléphone - mars 2016 | E95: FREE ADSL | G95: 32.98 | H95: 32.98 | I95: =+H95 -> 32.98 | J95: DECAISSE A CE JOUR | L95: 42437 | M95: Société Générale | N95: 10 | O95: 2016
A96: =+A95 -> 1 -Charges fixes | B96: =+B95 -> F-TELEPHONE ET INTERNET ADSL | D96: Frais de téléphone - avril 2016 | E96: FREE ADSL | G96: 32.98 | H96: =+IF(K96="ENGAGE A CE JOUR",G96,"ERREUR") -> 32.98 | I96: =+H96 -> 32.98 | K96: ENGAGE A CE JOUR | L96: 42468 | M96: Société Générale | N96: 14 | O96: 2016
A97: =+A96 -> 1 -Charges fixes | B97: =+B96 -> F-TELEPHONE ET INTERNET ADSL | D97: Frais de téléphone - mai 2016 | E97: FREE ADSL | G97: 32.98 | H97: =+IF(K97="ENGAGE A CE JOUR",G97,"ERREUR") -> 32.98 | I97: =+H97 -> 32.98 | K97: ENGAGE A CE JOUR | L97: 42498 | M97: Société Générale | N97: 18 | O97: 2016
A98: =+A97 -> 1 -Charges fixes | B98: =+B97 -> F-TELEPHONE ET INTERNET ADSL | D98: Frais de téléphone - juin 2016 | E98: FREE ADSL | G98: 32.98 | H98: =+IF(K98="ENGAGE A CE JOUR",G98,"ERREUR") -> 32.98 | I98: =+H98 -> 32.98 | K98: ENGAGE A CE JOUR | L98: 42529 | M98: Société Générale | N98: 23 | O98: 2016
A99: =+A98 -> 1 -Charges fixes | B99: =+B98 -> F-TELEPHONE ET INTERNET ADSL | D99: Frais de téléphone - juillet 2016 | E99: FREE ADSL | G99: 32.98 | H99: =+IF(K99="ENGAGE A CE JOUR",G99,"ERREUR") -> 32.98 | I99: =+H99 -> 32.98 | K99: ENGAGE A CE JOUR | L99: 42559 | M99: Société Générale | N99: 27 | O99: 2016
A100: =+A99 -> 1 -Charges fixes | B100: =+B99 -> F-TELEPHONE ET INTERNET ADSL | D100: Frais de téléphone - aout 2016 | E100: FREE ADSL | G100: 32.98 | H100: =+IF(K100="ENGAGE A CE JOUR",G100,"ERREUR") -> 32.98 | I100: =+H100 -> 32.98 | K100: ENGAGE A CE JOUR | L100: 42590 | M100: Société Générale | N100: 32 | O100: 2016
...

Sheet BDD 2- CHARGES VARIABLES
A1: Poste | B1: Sous rubrique 1 | C1: Sous rubrique 2 | D1: N° FACTURE | E1: Prestataire | F1: Budget annuel | G1: Total TTC | H1: Total HT | I1: Décaissé à ce jour | J1: Engagé à ce jour | K1: Rgt émis le | L1: Banque | M1: Semaine de décaissement | N1: Année de décaissement | O1: Date de facture
A2: 3- Achats | B2: ALDO TOHME | F2: =243.54*12 -> 2922.48
A3: =+A2 -> 3- Achats | B3: ALDO TOHME | D3: 4112015 | E3: =+B3 -> ALDO TOHME | G3: 1015 | H3: =+G3 -> 1015 | I3: DECAISSE A CE JOUR | K3: 42431 | L3: Crédit Agricole | M3: =+WEEKNUM(K3,2) -> 10 | N3: 2016 | O3: 42338
A4: =+A3 -> 3- Achats | B4: =+B3 -> ALDO TOHME | D4: 4122015 | E4: =+B4 -> ALDO TOHME | G4: 2018 | H4: =+G4 -> 2018 | I4: DECAISSE A CE JOUR | K4: 42442 | L4: Crédit Agricole | M4: =+WEEKNUM(K4,2) -> 11 | N4: 2016 | O4: 42369
A5: 3- Achats | B5: ALPHABIO
A6: =+A4 -> 3- Achats | B6: ALPHABIO | D6: 44574 | E6: =+B6 -> ALPHABIO | G6: 66.5 | H6: =+G6 -> 66.5 | I6: DECAISSE A CE JOUR | K6: 42388 | L6: Crédit Agricole | M6: =+WEEKNUM(K6,2) -> 4 | N6: 2016 | O6: 42067
A7: =+A6 -> 3- Achats | B7: ALPHABIO | D7: 45254 | E7: =+B7 -> ALPHABIO | G7: 414.62 | H7: =+G7 -> 414.62 | I7: DECAISSE A CE JOUR | K7: 42388 | L7: Crédit Agricole | M7: =+WEEKNUM(K7,2) -> 4 | N7: 2016 | O7: 42082
A8: =+A7 -> 3- Achats | B8: ALPHABIO | D8: 45232 | E8: =+B8 -> ALPHABIO | G8: 252.82 | H8: =+G8 -> 252.82 | I8: DECAISSE A CE JOUR | K8: 42388 | L8: Crédit Agricole | M8: =+WEEKNUM(K8,2) -> 4 | N8: 2016 | O8: 42082
A9: =+A8 -> 3- Achats | B9: ALPHABIO | D9: 45558 | E9: =+B9 -> ALPHABIO | G9: 163.77 | H9: =+G9 -> 163.77 | I9: DECAISSE A CE JOUR | K9: 42388 | L9: Crédit Agricole | M9: =+WEEKNUM(K9,2) -> 4 | N9: 2016 | O9: 42089
A10: =+A9 -> 3- Achats | B10: ALPHABIO | D10: 45869 | E10: =+B10 -> ALPHABIO | G10: 89.1 | H10: =+G10 -> 89.1 | I10: DECAISSE A CE JOUR | K10: 42388 | L10: Crédit Agricole | M10: =+WEEKNUM(K10,2) -> 4 | N10: 2016 | O10: 42097
A11: =+A10 -> 3- Achats | B11: ALPHABIO | D11: 46211 | E11: =+B11 -> ALPHABIO | G11: 66.63 | H11: =+G11 -> 66.63 | I11: DECAISSE A CE JOUR | K11: 42388 | L11: Crédit Agricole | M11: =+WEEKNUM(K11,2) -> 4 | N11: 2016 | O11: 42108
A12: =+A11 -> 3- Achats | B12: ALPHABIO | D12: 46792 | E12: =+B12 -> ALPHABIO | G12: 160.52 | H12: =+G12 -> 160.52 | I12: DECAISSE A CE JOUR | K12: 42388 | L12: Crédit Agricole | M12: =+WEEKNUM(K12,2) -> 4 | N12: 2016 | O12: 42121
A13: =+A12 -> 3- Achats | B13: ALPHABIO | D13: 47219 | E13: =+B13 -> ALPHABIO | G13: 66.63 | H13: =+G13 -> 66.63 | I13: DECAISSE A CE JOUR | K13: 42419 | L13: Crédit Agricole | M13: =+WEEKNUM(K13,2) -> 8 | N13: 2016 | O13: 42135
A14: =+A13 -> 3- Achats | B14: ALPHABIO | D14: 47326 | E14: =+B14 -> ALPHABIO | G14: 120.96 | H14: =+G14 -> 120.96 | I14: DECAISSE A CE JOUR | K14: 42419 | L14: Crédit Agricole | M14: =+WEEKNUM(K14,2) -> 8 | N14: 2016 | O14: 42136
A15: =+A14 -> 3- Achats | B15: ALPHABIO | D15: 47805 | E15: =+B15 -> ALPHABIO | G15: 280.52 | H15: =+G15 -> 280.52 | I15: DECAISSE A CE JOUR | K15: 42419 | L15: Crédit Agricole | M15: =+WEEKNUM(K15,2) -> 8 | N15: 2016 | O15: 42150
A16: =+A15 -> 3- Achats | B16: ALPHABIO | D16: 48299 | E16: =+B16 -> ALPHABIO | G16: 121.22 | H16: =+G16 -> 121.22 | I16: DECAISSE A CE JOUR | K16: 42419 | L16: Crédit Agricole | M16: =+WEEKNUM(K16,2) -> 8 | N16: 2016 | O16: 42163
A17: =+A16 -> 3- Achats | B17: ALPHABIO | D17: 48571 | E17: =+B17 -> ALPHABIO | G17: 88.84 | H17: =+G17 -> 88.84 | I17: DECAISSE A CE JOUR | K17: 42419 | L17: Crédit Agricole | M17: =+WEEKNUM(K17,2) -> 8 | N17: 2016 | O17: 42167
A18: =+A17 -> 3- Achats | B18: ALPHABIO | D18: 48597 | E18: =+B18 -> ALPHABIO | G18: 290.72 | H18: =+G18 -> 290.72 | I18: DECAISSE A CE JOUR | K18: 42419 | L18: Crédit Agricole | M18: =+WEEKNUM(K18,2) -> 8 | N18: 2016 | O18: 42167
... A20: =+A19 -> 3- Achats | B20: ALPHABIO | D20: 48963 | E20: =+B20 -> ALPHABIO | G20: 235.22 | H20: =+G20 -> 235.22 | I20: DECAISSE A CE JOUR | K20: 42448 | L20: Crédit Agricole | M20: =+WEEKNUM(K20,2) -> 12 | N20: 2016 | O20: 42177
A21: =+A20 -> 3- Achats | B21: ALPHABIO | D21: 49430 | E21: =+B21 -> ALPHABIO | G21: 114.66 | H21: =+G21 -> 114.66 | J21: ENGAGE A CE JOUR | K21: 42479 | L21: Crédit Agricole | M21: =+WEEKNUM(K21,2) -> 17 | N21: 2016 | O21: 42186
A22: =+A21 -> 3- Achats | B22: ALPHABIO | D22: 49706 | E22: =+B22 -> ALPHABIO | G22: 82.56 | H22: =+G22 -> 82.56 | J22: ENGAGE A CE JOUR | K22: 42479 | L22: Crédit Agricole | M22: =+WEEKNUM(K22,2) -> 17 | N22: 2016 | O22: 42194
A23: =+A22 -> 3- Achats | B23: ALPHABIO | D23: 49934 | E23: =+B23 -> ALPHABIO | G23: 102.62 | H23: =+G23 -> 102.62 | J23: ENGAGE A CE JOUR | K23: 42479 | L23: Crédit Agricole | M23: =+WEEKNUM(K23,2) -> 17 | N23: 2016 | O23: 42198
A24: =+A23 -> 3- Achats | B24: ALPHABIO | D24: 50028 | E24: =+B24 -> ALPHABIO | G24: 128.04 | H24: =+G24 -> 128.04 | J24: ENGAGE A CE JOUR | K24: 42479 | L24: Crédit Agricole | M24: =+WEEKNUM(K24,2) -> 17 | N24: 2016 | O24: 42201
A25: =+A24 -> 3- Achats | B25: ALPHABIO | D25: 50138 | E25: =+B25 -> ALPHABIO | G25: 88.84 | H25: =+G25 -> 88.84 | J25: ENGAGE A CE JOUR | K25: 42479 | L25: Crédit Agricole | M25: =+WEEKNUM(K25,2) -> 17 | N25: 2016 | O25: 42205
A26: =+A25 -> 3- Achats | B26: ALPHABIO | D26: 50238 | E26: =+B26 -> ALPHABIO | G26: 50.44 | H26: =+G26 -> 50.44 | J26: ENGAGE A CE JOUR | K26: 42479 | L26: Crédit Agricole | M26: =+WEEKNUM(K26,2) -> 17 | N26: 2016 | O26: 42206
A27: =+A26 -> 3- Achats | B27: ALPHABIO | D27: 50956 | E27: =+B27 -> ALPHABIO | G27: 66.5 | H27: =+G27 -> 66.5 | J27: ENGAGE A CE JOUR | K27: 42479 | L27: Crédit Agricole | M27: =+WEEKNUM(K27,2) -> 17 | N27: 2016 | O27: 42251
A28: =+A27 -> 3- Achats | B28: ALPHABIO | D28: 51562 | E28: =+B28 -> ALPHABIO | G28: 282.84 | H28: =+G28 -> 282.84 | J28: ENGAGE A CE JOUR | K28: 42479 | L28: Crédit Agricole | M28: =+WEEKNUM(K28,2) -> 17 | N28: 2016 | O28: 42264
A29: =+A28 -> 3- Achats | B29: ALPHABIO | D29: 52013 | E29: =+B29 -> ALPHABIO | G29: 36.12 | H29: =+G29 -> 36.12 | J29: ENGAGE A CE JOUR | K29: 42479 | L29: Crédit Agricole | M29: =+WEEKNUM(K29,2) -> 17 | N29: 2016 | O29: 42275
A30: =+A29 -> 3- Achats | B30: ALPHABIO | D30: 52042 | E30: =+B30 -> ALPHABIO | G30: 92.3 | H30: =+G30 -> 92.3 | J30: ENGAGE A CE JOUR | K30: 42479 | L30: Crédit Agricole | M30: =+WEEKNUM(K30,2) -> 17 | N30: 2016 | O30: 42276
A31: =+A30 -> 3- Achats | B31: ALPHABIO | D31: 52595 | E31: =+B31 -> ALPHABIO | G31: -228.76 | H31: =+G31 -> -228.76 | J31: ENGAGE A CE JOUR | K31: 42509 | L31: Crédit Agricole | M31: =+WEEKNUM(K31,2) -> 21 | N31: 2016 | O31: 42286
A32: =+A31 -> 3- Achats | B32: ALPHABIO | D32: 52605 | E32: =+B32 -> ALPHABIO | G32: 384.26 | H32: =+G32 -> 384.26 | J32: ENGAGE A CE JOUR | K32: 42509 | L32: Crédit Agricole | M32: =+WEEKNUM(K32,2) -> 21 | N32: 2016 | O32: 42289
... A44: =+A43 -> 3- Achats | B44: ALPHABIO | D44: 57807 | E44: =+B44 -> ALPHABIO | G44: 446.46 | H44: =+G44 -> 446.46 | J44: ENGAGE A CE JOUR | K44: 42540 | L44: Crédit Agricole | M44: =+WEEKNUM(K44,2) -> 25 | N44: 2016 | O44: 42404
A45: 3- Achats | B45: AB IMPLANTS
A46: =+A44 -> 3- Achats | B46: AB IMPLANTS | D46: 6679 | E46: =+B46 -> AB IMPLANTS | G46: 480 | H46: =+G46 -> 480 | J46: ENGAGE A CE JOUR | L46: CIC | M46: =+WEEKNUM(K46,2) -> 1 | N46: 2016 | O46: 41912
A47: 3- Achats | B47: BIOMET
A48: =+A46 -> 3- Achats | B48: BIOMET | D48: 201603595 | E48: =+B48 -> BIOMET | G48: 58.8 | H48: =+G48 -> 58.8 | I48: DECAISSE A CE JOUR | K48: 42387 | L48: Crédit Agricole | M48: =+WEEKNUM(K48,2) -> 4 | N48: 2016 | O48: 42191
A49: 3- Achats | B49: CNOCD
A50: =+A48 -> 3- Achats | B50: CNOCD | D50: COTISATION 2016 | E50: =+B50 -> CNOCD | G50: 417 | H50: =+G50 -> 417 | J50: ENGAGE A CE JOUR | K50: 42460 | L50: Société Générale | M50: =+WEEKNUM(K50,2) -> 14 | N50: 2016 | O50: 42377
A51: 3- Achats | B51: GACD
A52: =+A50 -> 3- Achats | B52: GACD | D52: 15141428 | E52: =+B52 -> GACD | G52: 129.65 | H52: =+G52 -> 129.65 | I52: DECAISSE A CE JOUR | K52: 42384 | L52: Crédit Agricole | M52: =+WEEKNUM(K52,2) -> 3 | N52: 2016 | O52: 42250
A53: 3- Achats | B53: GEISTLICH
A54: =+A52 -> 3- Achats | B54: GEISTLICH | D54: 4J51100016 | E54: =+B54 -> GEISTLICH | G54: 495.01 | H54: =+G54 -> 495.01 | I54: DECAISSE A CE JOUR | K54: 42384 | L54: Crédit Agricole | M54: =+WEEKNUM(K54,2) -> 3 | N54: 2016 | O54: 42310
A55: 3- Achats | B55: GD
A56: =+A54 -> 3- Achats | B56: GD | D56: 20150273 | E56: =+B56 -> GD | G56: 1537.04 | H56: =+G56 -> 1537.04 | J56: ENGAGE A CE JOUR | L56: Crédit Agricole | M56: =+WEEKNUM(K56,2) -> 1 | N56: 2016 | O56: 42069
A57: =+A56 -> 3- Achats | B57: GD | D57: 20150564 | E57: =+B57 -> GD | G57: 436.45 | H57: =+G57 -> 436.45 | I57: DECAISSE A CE JOUR | K57: 42438 | L57: Crédit Agricole | M57: =+WEEKNUM(K57,2) -> 11 | N57: 2016 | O57: 42135
A58: =+A57 -> 3- Achats | B58: GD | D58: 20150742 | E58: =+B58 -> GD | G58: 393.25 | H58: =+G58 -> 393.25 | I58: DECAISSE A CE JOUR | K58: 42438 | L58: Crédit Agricole | M58: =+WEEKNUM(K58,2) -> 11 | N58: 2016 | O58: 42171
A59: =+A58 -> 3- Achats | B59: GD | D59: 20151624 | E59: =+B59 -> GD | G59: 762.84 | H59: =+G59 -> 762.84 | J59: ENGAGE A CE JOUR | L59: Crédit Agricole | M59: =+WEEKNUM(K59,2) -> 1 | N59: 2016 | O59: 42345
A60: =+A59 -> 3- Achats | B60: GD | D60: 20160287 | E60: =+B60 -> GD | G60: 851.05 | H60: =+G60 -> 851.05 | J60: ENGAGE A CE JOUR | L60: Crédit Agricole | M60: =+WEEKNUM(K60,2) -> 1 | N60: 2016 | O60: 42408
A61: 3- Achats | B61: IPP PHARMA
A62: =+A60 -> 3- Achats | B62: IPP PHARMA | D62: 107414 | E62: =+B62 -> IPP PHARMA | G62: 269 | H62: =+G62 -> 269 | I62: DECAISSE A CE JOUR | K62: 42389 | L62: Crédit Agricole | M62: =+WEEKNUM(K62,2) -> 4 | N62: 2016 | O62: 42339
A63: =+A62 -> 3- Achats | B63: IPP PHARMA | D63: 107607 | E63: =+B63 -> IPP PHARMA | G63: 268.9 | H63: =+G63 -> 268.9 | I63: DECAISSE A CE JOUR | K63: 42403 | L63: Crédit Agricole | M63: =+WEEKNUM(K63,2) -> 6 | N63: 2016 | O63: 42345
A64: 3- Achats | B64: IRSN
A65: =+A63 -> 3- Achats | B65: IRSN | D65: 5047049 | E65: =+B65 -> IRSN | G65: 162.84 | H65: =+G65 -> 162.84 | I65: DECAISSE A CE JOUR | K65: 42433 | L65: CIC | M65: =+WEEKNUM(K65,2) -> 10 | N65: 2016 | O65: 42353
A66: 3- Achats | B66: LABOPREMIER
A67: =+A65 -> 3- Achats | B67: LABOPREMIER | D67: 20151200 | E67: =+B67 -> LABOPREMIER | G67: 900.68 | H67: =+G67 -> 900.68 | I67: DECAISSE A CE JOUR | K67: 42394 | L67: CIC | M67: =+WEEKNUM(K67,2) -> 5 | N67: 2016 | O67: 42186
A68: =+A67 -> 3- Achats | B68: LABOPREMIER | D68: 20151540 | E68: =+B68 -> LABOPREMIER | G68: 1394.87 | H68: =+G68 -> 1394.87 | I68: DECAISSE A CE JOUR | K68: 42461 | L68: Crédit Agricole | M68: =+WEEKNUM(K68,2) -> 14 | N68: 2016 | O68: 42277
A69: =+A68 -> 3- Achats | B69: LABOPREMIER | D69: 20151733 | E69: =+B69 -> LABOPREMIER | G69: 1268.32 | H69: =+G69 -> 1268.32 | I69: DECAISSE A CE JOUR | K69: 42430 | L69: Crédit Agricole | M69: =+WEEKNUM(K69,2) -> 10 | N69: 2016 | O69: 42308
A70: =+A69 -> 3- Achats | B70: LABOPREMIER | D70: 20151928 | E70: =+B70 -> LABOPREMIER | G70: 962.42 | H70: =+G70 -> 962.42 | I70: DECAISSE A CE JOUR | K70: 42403 | L70: Crédit Agricole | M70: =+WEEKNUM(K70,2) -> 6 | N70: 2016 | O70: 42338
A71: =+A70 -> 3- Achats | B71: LABOPREMIER | D71: 20152130 | E71: =+B71 -> LABOPREMIER | G71: 1774.31 | H71: =+G71 -> 1774.31 | I71: DECAISSE A CE JOUR | K71: 42491 | L71: Crédit Agricole | M71: =+WEEKNUM(K71,2) -> 18 | N71: 2016 | O71: 42369
A72: 3- Achats | B72: MEGADENTAL
A73: =+A71 -> 3- Achats | B73: MEGADENTAL | D73: 3647703 | E73: =+B73 -> MEGADENTAL | G73: 425.9 | H73: =+G73 -> 425.9 | I73: DECAISSE A CE JOUR | K73: 42373 | L73: Crédit Agricole | M73: =+WEEKNUM(K73,2) -> 2 | N73: 2016 | O73: 42243
A74: =+A73 -> 3- Achats | B74: MEGADENTAL | D74: 3685141 | E74: =+B74 -> MEGADENTAL | G74: 629.3 | H74: =+G74 -> 629.3 | I74: DECAISSE A CE JOUR | K74: 42412 | L74: Crédit Agricole | M74: =+WEEKNUM(K74,2) -> 7 | N74: 2016 | O74: 42276
A75: =+A74 -> 3- Achats | B75: MEGADENTAL | D75: 3685149 | E75: =+B75 -> MEGADENTAL | G75: 337.5 | H75: =+G75 -> 337.5 | I75: DECAISSE A CE JOUR | K75: 42412 | L75: Crédit Agricole | M75: =+WEEKNUM(K75,2) -> 7 | N75: 2016 | O75: 42276
A76: =+A75 -> 3- Achats | B76: MEGADENTAL | D76: 3693536 | E76: =+B76 -> MEGADENTAL | G76: 16.9 | H76: =+G76 -> 16.9 | I76: DECAISSE A CE JOUR | K76: 42412 | L76: Crédit Agricole | M76: =+WEEKNUM(K76,2) -> 7 | N76: 2016 | O76: 42284
A77: =+A76 -> 3- Achats | B77: MEGADENTAL | D77: 3749958 | E77: =+B77 -> MEGADENTAL | G77: 376.6 | H77: =+G77 -> 376.6 | J77: ENGAGE A CE JOUR | L77: Crédit Agricole | M77: =+WEEKNUM(K77,2) -> 1 | N77: 2016 | O77: 42332
A78: =+A77 -> 3- Achats | B78: MEGADENTAL | D78: 3797893 | E78: =+B78 -> MEGADENTAL | G78: 723.5 | H78: =+G78 -> 723.5 | J78: ENGAGE A CE JOUR | L78: Crédit Agricole | M78: =+WEEKNUM(K78,2) -> 1 | N78: 2016 | O78: 42375
A79: =+A78 -> 3- Achats | B79: MEGADENTAL | D79: 3832311 | E79: =+B79 -> MEGADENTAL | G79: 396.1 | H79: =+G79 -> 396.1 | J79: ENGAGE A CE JOUR | L79: Crédit Agricole | M79: =+WEEKNUM(K79,2) -> 1 | N79: 2016 | O79: 42403
A80: 3- Achats | B80: MIS
A81: =+A79 -> 3- Achats | B81: MIS | D81: 195142 | E81: =+B81 -> MIS | G81: 66 | H81: =+G81 -> 66 | I81: DECAISSE A CE JOUR | K81: 42415 | L81: Crédit Agricole | M81: =+WEEKNUM(K81,2) -> 8 | N81: 2016 | O81: 42269
A82: =+A81 -> 3- Achats | B82: MIS | D82: 195480 | E82: =+B82 -> MIS | G82: 55.75 | H82: =+G82 -> 55.75 | I82: DECAISSE A CE JOUR | K82: 42415 | L82: Crédit Agricole | M82: =+WEEKNUM(K82,2) -> 8 | N82: 2016 | O82: 42275
A83: 3- Achats | B83: SFID
A84: =+#REF! -> #REF! | B84: SFID | D84: 151251 | E84: =+B84 -> SFID | G84: 329.57 | H84: =+G84 -> 329.57 | I84: DECAISSE A CE JOUR | K84: 42426 | L84: Crédit Agricole | M84: =+WEEKNUM(K84,2) -> 9 | N84: 2016 | O84: 42369
A85: 3- Achats | B85: SODICOME
A86: =+A84 -> #REF! | B86: SODICOME | D86: 75753 | E86: =+B86 -> SODICOME | G86: 192.74 | H86: =+G86 -> 192.74 | I86: DECAISSE A CE JOUR | K86: 42387 | L86: Crédit Agricole | M86: =+WEEKNUM(K86,2) -> 4 | N86: 2016 | O86: 42278
A87: 3- Achats | B87: VOG
A88: =+A86 -> #REF! | B88: VOG | D88: FA46322 | E88: =+B88 -> VOG | G88: 323.52 | H88: =+G88 -> 323.52 | I88: DECAISSE A CE JOUR | K88: 42016 | L88: CIC | M88: =+WEEKNUM(K88,2) -> 3 | N88: 2016 | O88: 42335
A89: =+A88 -> #REF! | E89: =+B89 -> 0 | H89: =+G89 -> 0 | M89: =+WEEKNUM(K89,2) -> 1 | N89: 2016
A90: =+A89 -> #REF! | E90: =+B90 -> 0 | H90: =+G90 -> 0 | M90: =+WEEKNUM(K90,2) -> 1 | N90: 2016
A91: =+A90 -> #REF! | E91: =+B91 -> 0 | H91: =+G91 -> 0 | M91: =+WEEKNUM(K91,2) -> 1 | N91: 2016
A92: =+A91 -> #REF! | E92: =+B92 -> 0 | H92: =+G92 -> 0 | M92: =+WEEKNUM(K92,2) -> 1 | N92: 2016
A93: =+A92 -> #REF! | E93: =+B93 -> 0 | H93: =+G93 -> 0 | M93: =+WEEKNUM(K93,2) -> 1 | N93: 2016
A94: =+A93 -> #REF! | E94: =+B94 -> 0 | H94: =+G94 -> 0 | M94: =+WEEKNUM(K94,2) -> 1 | N94: 2016
A95: =+A94 -> #REF! | E95: =+B95 -> 0 | H95: =+G95 -> 0 | M95: =+WEEKNUM(K95,2) -> 1 | N95: 2016
A96: =+A95 -> #REF! | E96: =+B96 -> 0 | H96: =+G96 -> 0 | M96: =+WEEKNUM(K96,2) -> 1 | N96: 2016
A97: =+A96 -> #REF! | E97: =+B97 -> 0 | H97: =+G97 -> 0 | M97: =+WEEKNUM(K97,2) -> 1 | N97: 2016
A98: =+A97 -> #REF! | E98: =+B98 -> 0 | H98: =+G98 -> 0 | M98: =+WEEKNUM(K98,2) -> 1 | N98: 2016
A99: =+A98 -> #REF! | E99: =+B99 -> 0 | H99: =+G99 -> 0 | M99: =+WEEKNUM(K99,2) -> 1 | N99: 2016
A100: =+A99 -> #REF! | E100: =+B100 -> 0 | H100: =+G100 -> 0 | M100: =+WEEKNUM(K100,2) -> 1 | N100: 2016
... A401: =+A400 -> #REF! | E401: =+B401 -> 0 | H401: =+G401 -> 0 | M401: =+WEEKNUM(K401,2) -> 1 | N401: 2016

Sheet BDD 3 - RECETTES
A1: Poste | B1: Sous rubrique 1 | C1: Sous rubrique 2 | D1: Libellés | E1: Prestataire | F1: Budget annuel | G1: Budget actualisé | H1: Mode règlement | I1: Total TTC | J1: Total HT | K1: Décaissé à ce jour | L1: Engagé à ce jour | M1: Semaine RGT CB/Chèques | N1: Banque | O1: Année
A2: 1 -Recette CABINET | B2: A-SOINS
A3: =+A2 -> 1 -Recette CABINET | B3: =+B2 -> A-SOINS | D3: Recettes soins - semaine 1 | E3: MARCUS ABECASSIS | G3: =+$F$2/(52*3) -> 0 | H3: CB/Chèques | I3: =2545.56+307.39+173 -> 3025.95 | J3: =+I3 -> 3025.95 | K3: ENCAISSE A CE JOUR | M3: =+RIGHT(D3,2) -> 1 | N3: =+IF(H3="CB/Chèques","Crédit Agricole","Société Générale") -> Crédit Agricole | O3: 2016
A4: =+A3 -> 1 -Recette CABINET | B4: =+B3 -> A-SOINS | D4: Recettes soins - semaine 1 | E4: MARCUS ABECASSIS | G4: =+$F$2/(52*3) -> 0 | H4: Mutuelles | I4: 0 | J4: =+I4 -> 0 | K4: ENCAISSE A CE JOUR | M4: =+RIGHT(D4,2) -> 1 | N4: =+IF(H4="CB/Chèques","Crédit Agricole","Société Générale") -> Société Générale | O4: 2016
A5: =+A4 -> 1 -Recette CABINET | B5: =+B4 -> A-SOINS | D5: Recettes soins - semaine 1 | E5: MARCUS ABECASSIS | G5: =+$F$2/(52*3) -> 0 | H5: Sécurité Sociale | I5: 0 | J5: =+I5 -> 0 | K5: ENCAISSE A CE JOUR | M5: =+RIGHT(D5,2) -> 1 | N5: =+IF(H5="CB/Chèques","Crédit Agricole","Société Générale") -> Société Générale | O5: 2016
A6: =+A5 -> 1 -Recette CABINET | B6: =+B5 -> A-SOINS | D6: Recettes soins - semaine 2 | E6: MARCUS ABECASSIS | G6: =+$F$2/(52*3) -> 0 | H6: CB/Chèques | I6: =1977.56+1879.82+87.66 -> 3945.04 | J6: =+I6 -> 3945.04 | K6: ENCAISSE A CE JOUR | M6: =+RIGHT(D6,2) -> 2 | N6: =+IF(H6="CB/Chèques","Crédit Agricole","Société Générale") -> Crédit Agricole | O6: 2016
A7: =+A6 -> 1 -Recette CABINET | B7: =+B6 -> A-SOINS | D7: Recettes soins - semaine 2 | E7: MARCUS ABECASSIS | G7: =+$F$2/(52*3) -> 0 | H7: Mutuelles | I7: 0 | J7: =+I7 -> 0 | K7: ENCAISSE A CE JOUR | M7: =+RIGHT(D7,2) -> 2 | N7: =+IF(H7="CB/Chèques","Crédit Agricole","Société Générale") -> Société Générale | O7: 2016
A8: =+A7 -> 1 -Recette CABINET | B8: =+B7 -> A-SOINS | D8: Recettes soins - semaine 2 | E8: MARCUS ABECASSIS | G8: =+$F$2/(52*3) -> 0 | H8: Sécurité Sociale | I8: 79.57 | J8: =+I8 -> 79.57 | K8: ENCAISSE A CE JOUR | M8: =+M12 -> 4 | N8: =+IF(H8="CB/Chèques","Crédit Agricole","Société Générale") -> Société Générale | O8: 2016
A9: =+A8 -> 1 -Recette CABINET | B9: =+B8 -> A-SOINS | D9: Recettes soins - semaine 3 | E9: MARCUS ABECASSIS | G9: =+$F$2/(52*3) -> 0 | H9: CB/Chèques | I9: =2449.95+765.32 -> 3215.27 | J9: =+I9 -> 3215.27 | K9: ENCAISSE A CE JOUR | M9: =+RIGHT(D9,2) -> 3 | N9: =+IF(H9="CB/Chèques","Crédit Agricole","Société Générale") -> Crédit Agricole | O9: 2016
A10: =+A9 -> 1 -Recette CABINET | B10: =+B9 -> A-SOINS | D10: Recettes soins - semaine 3 | E10: MARCUS ABECASSIS | G10: =+$F$2/(52*3) -> 0 | H10: Mutuelles | I10: 0 | J10: =+I10 -> 0 | K10: ENCAISSE A CE JOUR | M10: =+RIGHT(D10,2) -> 3 | N10: =+IF(H10="CB/Chèques","Crédit Agricole","Société Générale") -> Société Générale | O10: 2016
A11: =+A10 -> 1 -Recette CABINET | B11: =+B10 -> A-SOINS | D11: Recettes soins - semaine 3 | E11: MARCUS ABECASSIS | G11: =+$F$2/(52*3) -> 0 | H11: Sécurité Sociale | I11: 0 | J11: =+I11 -> 0 | K11: ENCAISSE A CE JOUR | M11: =+RIGHT(D11,2) -> 3 | N11: =+IF(H11="CB/Chèques","Crédit Agricole","Société Générale") -> Société Générale | O11: 2016
A12: =+A11 -> 1 -Recette CABINET | B12: =+B11 -> A-SOINS | D12: Recettes soins - semaine 4 | E12: MARCUS ABECASSIS | G12: =+$F$2/(52*3) -> 0 | H12: CB/Chèques | I12: =2085.57+853.17+615.19 -> 3553.93 | J12: =+I12 -> 3553.93 | K12: ENCAISSE A CE JOUR | M12: =+RIGHT(D12,2) -> 4 | N12: =+IF(H12="CB/Chèques","Crédit Agricole","Société Générale") -> Crédit Agricole | O12: 2016
A13: =+A12 -> 1 -Recette CABINET | B13: =+B12 -> A-SOINS | D13: Recettes soins - semaine 4 | E13: MARCUS ABECASSIS | G13: =+$F$2/(52*3) -> 0 | H13: Mutuelles | I13: 0 | J13: =+I13 -> 0 | K13: ENCAISSE A CE JOUR | M13: =+RIGHT(D13,2) -> 4 | N13: =+IF(H13="CB/Chèques","Crédit Agricole","Société Générale") -> Société Générale | O13: 2016
A14: =+A13 -> 1 -Recette CABINET | B14: =+B13 -> A-SOINS | D14: Recettes soins - semaine 4 | E14: MARCUS ABECASSIS | G14: =+$F$2/(52*3) -> 0 | H14: Sécurité Sociale | I14: 0 | J14: =+I14 -> 0 | K14: ENCAISSE A CE JOUR | M14: =+RIGHT(D14,2) -> 4 | N14: =+IF(H14="CB/Chèques","Crédit Agricole","Société Générale") -> Société Générale | O14: 2016
A15: =+A14 -> 1 -Recette CABINET | B15: =+B14 -> A-SOINS | D15: Recettes soins - semaine 5 | E15: MARCUS ABECASSIS | G15: =+$F$2/(52*3) -> 0 | H15: CB/Chèques | I15: =2808.35+2324.4 -> 5132.75 | J15: =+I15 -> 5132.75 | K15: ENCAISSE A CE JOUR | M15: =+RIGHT(D15,2) -> 5 | N15: =+IF(H15="CB/Chèques","Crédit Agricole","Société Générale") -> Crédit Agricole | O15: 2016
A16: =+A15 -> 1 -Recette CABINET | B16: =+B15 -> A-SOINS | D16: Recettes soins - semaine 5 | E16: MARCUS ABECASSIS | G16: =+$F$2/(52*3) -> 0 | H16: Mutuelles | I16: 0 | J16: =+I16 -> 0 | K16: ENCAISSE A CE JOUR | M16: =+RIGHT(D16,2) -> 5 | N16: =+IF(H16="CB/Chèques","Crédit Agricole","Société Générale") -> Société Générale | O16: 2016
A17: =+A16 -> 1 -Recette CABINET | B17: =+B16 -> A-SOINS | D17: Recettes soins - semaine 5 | E17: MARCUS ABECASSIS | G17: =+$F$2/(52*3) -> 0 | H17: Sécurité Sociale | I17: 28.68 | J17: =+I17 -> 28.68 | K17: ENCAISSE A CE JOUR | M17: =+M21 -> 7 | N17: =+IF(H17="CB/Chèques","Crédit Agricole","Société Générale") -> Société Générale | O17: 2016
A18: =+A17 -> 1 -Recette CABINET | B18: =+B17 -> A-SOINS | D18: Recettes soins - semaine 6 | E18: MARCUS ABECASSIS | G18: =+$F$2/(52*3) -> 0 | H18: CB/Chèques | I18: =2450.4+1459.01 -> 3909.41 | J18: =+I18 -> 3909.41 | K18: ENCAISSE A CE JOUR | M18: =+RIGHT(D18,2) -> 6 | N18: =+IF(H18="CB/Chèques","Crédit Agricole","Société Générale") -> Crédit Agricole | O18: 2016
A19: =+A18 -> 1 -Recette CABINET | B19: =+B18 -> A-SOINS | D19: Recettes soins - semaine 6 | E19: MARCUS ABECASSIS | G19: =+$F$2/(52*3) -> 0 | H19: Mutuelles | I19: 0 | J19: =+I19 -> 0 | K19: ENCAISSE A CE JOUR | M19: =+RIGHT(D19,2) -> 6 | N19: =+IF(H19="CB/Chèques","Crédit Agricole","Société Générale") -> Société Générale | O19: 2016
A20: =+A19 -> 1 -Recette CABINET | B20: =+B19 -> A-SOINS | D20: Recettes soins - semaine 6 | E20: MARCUS ABECASSIS | G20: =+$F$2/(52*3) -> 0 | H20: Sécurité Sociale | I20: 180.4 | J20: =+I20 -> 180.4 | K20: ENCAISSE A CE JOUR | M20: =+M24 -> 8 | N20: =+IF(H20="CB/Chèques","Crédit Agricole","Société Générale") -> Société Générale | O20: 2016
A21: =+A20 -> 1 -Recette CABINET | B21: =+B20 -> A-SOINS | D21: Recettes soins - semaine 7 | E21: MARCUS ABECASSIS | G21: =+$F$2/(52*3) -> 0 | H21: CB/Chèques | I21: =1990.38+634.78+418.54 -> 3043.7 | J21: =+I21 -> 3043.7 | K21: ENCAISSE A CE JOUR | M21: =+RIGHT(D21,2) -> 7 | N21: =+IF(H21="CB/Chèques","Crédit Agricole","Société Générale") -> Crédit Agricole | O21: 2016
A22: =+A21 -> 1 -Recette CABINET | B22: =+B21 -> A-SOINS | D22: Recettes soins - semaine 7 | E22: MARCUS ABECASSIS | G22: =+$F$2/(52*3) -> 0 | H22: Mutuelles | I22: 0 | J22: =+I22 -> 0 | K22: ENCAISSE A CE JOUR | M22: =+RIGHT(D22,2) -> 7 | N22: =+IF(H22="CB/Chèques","Crédit Agricole","Société Générale") -> Société Générale | O22: 2016
A23: =+A22 -> 1 -Recette CABINET | B23: =+B22 -> A-SOINS | D23: Recettes soins - semaine 7 | E23: MARCUS ABECASSIS | G23: =+$F$2/(52*3) -> 0 | H23: Sécurité Sociale | I23: 477.35 | J23: =+I23 -> 477.35 | K23: ENCAISSE A CE JOUR | M23: =+M27 -> 9 | N23: =+IF(H23="CB/Chèques","Crédit Agricole","Société Générale") -> Société Générale | O23: 2016
A24: =+A23 -> 1 -Recette CABINET | B24: =+B23 -> A-SOINS | D24: Recettes soins - semaine 8 | E24: MARCUS ABECASSIS | G24: =+$F$2/(52*3) -> 0 | H24: CB/Chèques | I24: =2061.66+1108.94+100 -> 3270.6 | J24: =+I24 -> 3270.6 | K24: ENCAISSE A CE JOUR | M24: =+RIGHT(D24,2) -> 8 | N24: =+IF(H24="CB/Chèques","Crédit Agricole","Société Générale") -> Crédit Agricole | O24: 2016
A25: =+A24 -> 1 -Recette CABINET | B25: =+B24 -> A-SOINS | D25: Recettes soins - semaine 8 | E25: MARCUS ABECASSIS | G25: =+$F$2/(52*3) -> 0 | H25: Mutuelles | I25: 204.85 | J25: =+I25 -> 204.85 | K25: ENCAISSE A CE JOUR | M25: =+RIGHT(D25,2) -> 8 | N25: =+IF(H25="CB/Chèques","Crédit Agricole","Société Générale") -> Société Générale | O25: 2016
A26: =+A25 -> 1 -Recette CABINET | B26: =+B25 -> A-SOINS | D26: Recettes soins - semaine 8 | E26: MARCUS ABECASSIS | G26: =+$F$2/(52*3) -> 0 | H26: Sécurité Sociale | I26: 0 | J26: =+I26 -> 0 | K26: ENCAISSE A CE JOUR | M26: =+M24 -> 8 | N26: =+IF(H26="CB/Chèques","Crédit Agricole","Société Générale") -> Société Générale | O26: 2016
A27: =+A26 -> 1 -Recette CABINET | B27: =+B26 -> A-SOINS | D27: Recettes soins - semaine 9 | E27: MARCUS ABECASSIS | G27: =+$F$2/(52*3) -> 0 | H27: CB/Chèques | I27: =3297.35+172.01+146.6 -> 3615.96 | J27: =+I27 -> 3615.96 | K27: ENCAISSE A CE JOUR | M27: =+RIGHT(D27,2) -> 9 | N27: =+IF(H27="CB/Chèques","Crédit Agricole","Société Générale") -> Crédit Agricole | O27: 2016
A28: =+A27 -> 1 -Recette CABINET | B28: =+B27 -> A-SOINS | D28: Recettes soins - semaine 9 | E28: MARCUS ABECASSIS | G28: =+$F$2/(52*3) -> 0 | H28: Mutuelles | I28: 0 | J28: =+I28 -> 0 | K28: ENCAISSE A CE JOUR | M28: =+RIGHT(D28,2) -> 9 | N28: =+IF(H28="CB/Chèques","Crédit Agricole","Société Générale") -> Société Générale | O28: 2016
A29: =+A28 -> 1 -Recette CABINET | B29: =+B28 -> A-SOINS | D29: Recettes soins - semaine 9 | E29: MARCUS ABECASSIS | G29: =+$F$2/(52*3) -> 0 | H29: Sécurité Sociale | I29: 0 | J29: =+I29 -> 0 | K29: ENCAISSE A CE JOUR | M29: =+RIGHT(D29,2) -> 9 | N29: =+IF(H29="CB/Chèques","Crédit Agricole","Société Générale") -> Société Générale | O29: 2016
A30: =+A29 -> 1 -Recette CABINET | B30: =+B29 -> A-SOINS | D30: Recettes soins - semaine 10 | E30: MARCUS ABECASSIS | G30: =+$F$2/(52*3) -> 0 | H30: CB/Chèques | I30: =1866.18+364.72 -> 2230.9 | J30: =+I30 -> 2230.9 | K30: ENCAISSE A CE JOUR | M30: =+RIGHT(D30,2) -> 10 | N30: =+IF(H30="CB/Chèques","Crédit Agricole","Société Générale") -> Crédit Agricole | O30: 2016
A31: =+A30 -> 1 -Recette CABINET | B31: =+B30 -> A-SOINS | D31: Recettes soins - semaine 10 | E31: MARCUS ABECASSIS | G31: =+$F$2/(52*3) -> 0 | H31: Mutuelles | I31: 0 | J31: =+I31 -> 0 | K31: ENCAISSE A CE JOUR | M31: =+RIGHT(D31,2) -> 10 | N31: =+IF(H31="CB/Chèques","Crédit Agricole","Société Générale") -> Société Générale | O31: 2016
A32: =+A31 -> 1 -Recette CABINET | B32: =+B31 -> A-SOINS | D32: Recettes soins - semaine 10 | E32: MARCUS ABECASSIS | G32: =+$F$2/(52*3) -> 0 | H32: Sécurité Sociale | I32: 0 | J32: =+I32 -> 0 | K32: ENCAISSE A CE JOUR | M32: =+RIGHT(D32,2) -> 10 | N32: =+IF(H32="CB/Chèques","Crédit Agricole","Société Générale") -> Société Générale | O32: 2016
A33: =+A32 -> 1 -Recette CABINET | B33: =+B32 -> A-SOINS | D33: Recettes soins - semaine 11 | E33: MARCUS ABECASSIS | G33: =+$F$2/(52*3) -> 0 | H33: CB/Chèques | I33: =1408.22+87.66 -> 1495.88 | J33: =+I33 -> 1495.88 | L33: A RECEVOIR | M33: =+RIGHT(D33,2) -> 11 | N33: =+IF(H33="CB/Chèques","Crédit Agricole","Société Générale") -> Crédit Agricole | O33: 2016
A34: =+A33 -> 1 -Recette CABINET | B34: =+B33 -> A-SOINS | D34: Recettes soins - semaine 11 | E34: MARCUS ABECASSIS | G34: =+$F$2/(52*3) -> 0 | H34: Mutuelles | I34: 0 | J34: =+I34 -> 0 | L34: A RECEVOIR | M34: =+RIGHT(D34,2) -> 11 | N34: =+IF(H34="CB/Chèques","Crédit Agricole","Société Générale") -> Société Générale | O34: 2016
A35: =+A34 -> 1 -Recette CABINET | B35: =+B34 -> A-SOINS | D35: Recettes soins - semaine 11 | E35: MARCUS ABECASSIS | G35: =+$F$2/(52*3) -> 0 | H35: Sécurité Sociale | I35: 0 | J35: =+I35 -> 0 | L35: A RECEVOIR | M35: =+RIGHT(D35,2) -> 11 | N35: =+IF(H35="CB/Chèques","Crédit Agricole","Société Générale") -> Société Générale | O35: 2016
A36: =+A35 -> 1 -Recette CABINET | B36: =+B35 -> A-SOINS | D36: Recettes soins - semaine 12 | E36: MARCUS ABECASSIS | G36: =+$F$2/(52*3) -> 0 | H36: CB/Chèques | I36: =+IF(L36="A RECEVOIR",G36,"ERREUR") -> 0 | J36: =+I36 -> 0 | L36: A RECEVOIR | M36: =+RIGHT(D36,2) -> 12 | N36: =+IF(H36="CB/Chèques","Crédit Agricole","Société Générale") -> Crédit Agricole | O36: 2016
A37: =+A36 -> 1 -Recette CABINET | B37: =+B36 -> A-SOINS | D37: Recettes soins - semaine 12 | E37: MARCUS ABECASSIS | G37: =+$F$2/(52*3) -> 0 | H37: Mutuelles | I37: =+IF(L37="A RECEVOIR",G37,"ERREUR") -> 0 | J37: =+I37 -> 0 | L37: A RECEVOIR | N37: =+IF(H37="CB/Chèques","Crédit Agricole","Société Générale") -> Société Générale | O37: 2016
A38: =+A37 -> 1 -Recette CABINET | B38: =+B37 -> A-SOINS | D38: Recettes soins - semaine 12 | E38: MARCUS ABECASSIS | G38: =+$F$2/(52*3) -> 0 | H38: Sécurité Sociale | I38: =+IF(L38="A RECEVOIR",G38,"ERREUR") -> 0 | J38: =+I38 -> 0 | L38: A RECEVOIR | N38: =+IF(H38="CB/Chèques","Crédit Agricole","Société Générale") -> Société Générale | O38: 2016
A39: =+A38 -> 1 -Recette CABINET | B39: =+B38 -> A-SOINS | D39: Recettes soins - semaine 13 | E39: MARCUS ABECASSIS | G39: =+$F$2/(52*3) -> 0 | H39: CB/Chèques | I39: =+IF(L39="A RECEVOIR",G39,"ERREUR") -> 0 | J39: =+I39 -> 0 | L39: A RECEVOIR | M39: =+RIGHT(D39,2) -> 13 | N39: =+IF(H39="CB/Chèques","Crédit Agricole","Société Générale") -> Crédit Agricole | O39: 2016
A40: =+A39 -> 1 -Recette CABINET | B40: =+B39 -> A-SOINS | D40: Recettes soins - semaine 13 | E40: MARCUS ABECASSIS | G40: =+$F$2/(52*3) -> 0 | H40: Mutuelles | I40: =+IF(L40="A RECEVOIR",G40,"ERREUR") -> 0 | J40: =+I40 -> 0 | L40: A RECEVOIR | N40: =+IF(H40="CB/Chèques","Crédit Agricole","Société Générale") -> Société Générale | O40: 2016
A41: =+A40 -> 1 -Recette CABINET | B41: =+B40 -> A-SOINS | D41: Recettes soins - semaine 13 | E41: MARCUS ABECASSIS | G41: =+$F$2/(52*3) -> 0 | H41: Sécurité Sociale | I41: =+IF(L41="A RECEVOIR",G41,"ERREUR") -> 0 | J41: =+I41 -> 0 | L41: A RECEVOIR | N41: =+IF(H41="CB/Chèques","Crédit Agricole","Société Générale") -> Société Générale | O41: 2016
A42: =+A41 -> 1 -Recette CABINET | B42: =+B41 -> A-SOINS | D42: Recettes soins - semaine 14 | E42: MARCUS ABECASSIS | G42: =+$F$2/(52*3) -> 0 | H42: CB/Chèques | I42: =+IF(L42="A RECEVOIR",G42,"ERREUR") -> 0 | J42: =+I42 -> 0 | L42: A RECEVOIR | M42: =+RIGHT(D42,2) -> 14 | N42: =+IF(H42="CB/Chèques","Crédit Agricole","Société Générale") -> Crédit Agricole | O42: 2016
A43: =+A42 -> 1 -Recette CABINET | B43: =+B42 -> A-SOINS | D43: Recettes soins - semaine 14 | E43: MARCUS ABECASSIS | G43: =+$F$2/(52*3) -> 0 | H43: Mutuelles | I43: =+IF(L43="A RECEVOIR",G43,"ERREUR") -> 0 | J43: =+I43 -> 0 | L43: A RECEVOIR | N43: =+IF(H43="CB/Chèques","Crédit Agricole","Société Générale") -> Société Générale | O43: 2016
A44: =+A43 -> 1 -Recette CABINET | B44: =+B43 -> A-SOINS | D44: Recettes soins - semaine 14 | E44: MARCUS ABECASSIS | G44: =+$F$2/(52*3) -> 0 | H44: Sécurité Sociale | I44: =+IF(L44="A RECEVOIR",G44,"ERREUR") -> 0 | J44: =+I44 -> 0 | L44: A RECEVOIR | N44: =+IF(H44="CB/Chèques","Crédit Agricole","Société Générale") -> Société Générale | O44: 2016
A45: =+A44 -> 1 -Recette CABINET | B45: =+B44 -> A-SOINS | D45: Recettes soins - semaine 15 | E45: MARCUS ABECASSIS | G45: =+$F$2/(52*3) -> 0 | H45: CB/Chèques | I45: =+IF(L45="A RECEVOIR",G45,"ERREUR") -> 0 | J45: =+I45 -> 0 | L45: A RECEVOIR | M45: =+RIGHT(D45,2) -> 15 | N45: =+IF(H45="CB/Chèques","Crédit Agricole","Société Générale") -> Crédit Agricole | O45: 2016
A46: =+A45 -> 1 -Recette CABINET | B46: =+B45 -> A-SOINS | D46: Recettes soins - semaine 15 | E46: MARCUS ABECASSIS | G46: =+$F$2/(52*3) -> 0 | H46: Mutuelles | I46: =+IF(L46="A RECEVOIR",G46,"ERREUR") -> 0 | J46: =+I46 -> 0 | L46: A RECEVOIR | N46: =+IF(H46="CB/Chèques","Crédit Agricole","Société Générale") -> Société Générale | O46: 2016
A47: =+A46 -> 1 -Recette CABINET | B47: =+B46 -> A-SOINS | D47: Recettes soins - semaine 15 | E47: MARCUS ABECASSIS | G47: =+$F$2/(52*3) -> 0 | H47: Sécurité Sociale | I47: =+IF(L47="A RECEVOIR",G47,"ERREUR") -> 0 | J47: =+I47 -> 0 | L47: A RECEVOIR | N47: =+IF(H47="CB/Chèques","Crédit Agricole","Société Générale") -> Société Générale | O47: 2016
A48: =+A47 -> 1 -Recette CABINET | B48: =+B47 -> A-SOINS | D48: Recettes soins - semaine 16 | E48: MARCUS ABECASSIS | G48: =+$F$2/(52*3) -> 0 | H48: CB/Chèques | I48: =+IF(L48="A RECEVOIR",G48,"ERREUR") -> 0 | J48: =+I48 -> 0 | L48: A RECEVOIR | M48: =+RIGHT(D48,2) -> 16 | N48: =+IF(H48="CB/Chèques","Crédit Agricole","Société Générale") -> Crédit Agricole | O48: 2016
A49: =+A48 -> 1 -Recette CABINET | B49: =+B48 -> A-SOINS | D49: Recettes soins - semaine 16 | E49: MARCUS ABECASSIS | G49: =+$F$2/(52*3) -> 0 | H49: Mutuelles | I49: =+IF(L49="A RECEVOIR",G49,"ERREUR") -> 0 | J49: =+I49 -> 0 | L49: A RECEVOIR | N49: =+IF(H49="CB/Chèques","Crédit Agricole","Société Générale") -> Société Générale | O49: 2016
A50: =+A49 -> 1 -Recette CABINET | B50: =+B49 -> A-SOINS | D50: Recettes soins - semaine 16 | E50: MARCUS ABECASSIS | G50: =+$F$2/(52*3) -> 0 | H50: Sécurité Sociale | I50: =+IF(L50="A RECEVOIR",G50,"ERREUR") -> 0 | J50: =+I50 -> 0 | L50: A RECEVOIR | N50: =+IF(H50="CB/Chèques","Crédit Agricole","Société Générale") -> Société Générale | O50: 2016
A51: =+A50 -> 1 -Recette CABINET | B51: =+B50 -> A-SOINS | D51: Recettes soins - semaine 17 | E51: MARCUS ABECASSIS | G51: =+$F$2/(52*3) -> 0 | H51: CB/Chèques | I51: =+IF(L51="A RECEVOIR",G51,"ERREUR") -> 0 | J51: =+I51 -> 0 | L51: A RECEVOIR | M51: =+RIGHT(D51,2) -> 17 | N51: =+IF(H51="CB/Chèques","Crédit Agricole","Société Générale") -> Crédit Agricole | O51: 2016
A52: =+A51 -> 1 -Recette CABINET | B52: =+B51 -> A-SOINS | D52: Recettes soins - semaine 17 | E52: MARCUS ABECASSIS | G52: =+$F$2/(52*3) -> 0 | H52: Mutuelles | I52: =+IF(L52="A RECEVOIR",G52,"ERREUR") -> 0 | J52: =+I52 -> 0 | L52: A RECEVOIR | N52: =+IF(H52="CB/Chèques","Crédit Agricole","Société Générale") -> Société Générale | O52: 2016
A53: =+A52 -> 1 -Recette CABINET | B53: =+B52 -> A-SOINS | D53: Recettes soins - semaine 17 | E53: MARCUS ABECASSIS | G53: =+$F$2/(52*3) -> 0 | H53: Sécurité Sociale | I53: =+IF(L53="A RECEVOIR",G53,"ERREUR") -> 0 | J53: =+I53 -> 0 | L53: A RECEVOIR | N53: =+IF(H53="CB/Chèques","Crédit Agricole","Société Générale") -> Société Générale | O53: 2016
A54: =+A53 -> 1 -Recette CABINET | B54: =+B53 -> A-SOINS | D54: Recettes soins - semaine 18 | E54: MARCUS ABECASSIS | G54: =+$F$2/(52*3) -> 0 | H54: CB/Chèques | I54: =+IF(L54="A RECEVOIR",G54,"ERREUR") -> 0 | J54: =+I54 -> 0 | L54: A RECEVOIR | M54: =+RIGHT(D54,2) -> 18 | N54: =+IF(H54="CB/Chèques","Crédit Agricole","Société Générale") -> Crédit Agricole | O54: 2016
A55: =+A54 -> 1 -Recette CABINET | B55: =+B54 -> A-SOINS | D55: Recettes soins - semaine 18 | E55: MARCUS ABECASSIS | G55: =+$F$2/(52*3) -> 0 | H55: Mutuelles | I55: =+IF(L55="A RECEVOIR",G55,"ERREUR") -> 0 | J55: =+I55 -> 0 | L55: A RECEVOIR | N55: =+IF(H55="CB/Chèques","Crédit Agricole","Société Générale") -> Société Générale | O55: 2016
A56: =+A55 -> 1 -Recette CABINET | B56: =+B55 -> A-SOINS | D56: Recettes soins - semaine 18 | E56: MARCUS ABECASSIS | G56: =+$F$2/(52*3) -> 0 | H56: Sécurité Sociale | I56: =+IF(L56="A RECEVOIR",G56,"ERREUR") -> 0 | J56: =+I56 -> 0 | L56: A RECEVOIR | N56: =+IF(H56="CB/Chèques","Crédit Agricole","Société Générale") -> Société Générale | O56: 2016
A57: =+A56 -> 1 -Recette CABINET | B57: =+B56 -> A-SOINS | D57: Recettes soins - semaine 19 | E57: MARCUS ABECASSIS | G57: =+$F$2/(52*3) -> 0 | H57: CB/Chèques | I57: =+IF(L57="A RECEVOIR",G57,"ERREUR") -> 0 | J57: =+I57 -> 0 | L57: A RECEVOIR | M57: =+RIGHT(D57,2) -> 19 | N57: =+IF(H57="CB/Chèques","Crédit Agricole","Société Générale") -> Crédit Agricole | O57: 2016
A58: =+A57 -> 1 -Recette CABINET | B58: =+B57 -> A-SOINS | D58: Recettes soins - semaine 19 | E58: MARCUS ABECASSIS | G58: =+$F$2/(52*3) -> 0 | H58: Mutuelles | I58: =+IF(L58="A RECEVOIR",G58,"ERREUR") -> 0 | J58: =+I58 -> 0 | L58: A RECEVOIR | N58: =+IF(H58="CB/Chèques","Crédit Agricole","Société Générale") -> Société Générale | O58: 2016
A59: =+A58 -> 1 -Recette CABINET | B59: =+B58 -> A-SOINS | D59: Recettes soins - semaine 19 | E59: MARCUS ABECASSIS | G59: =+$F$2/(52*3) -> 0 | H59: Sécurité Sociale | I59: =+IF(L59="A RECEVOIR",G59,"ERREUR") -> 0 | J59: =+I59 -> 0 | L59: A RECEVOIR | N59: =+IF(H59="CB/Chèques","Crédit Agricole","Société Générale") -> Société Générale | O59: 2016
A60: =+A59 -> 1 -Recette CABINET | B60: =+B59 -> A-SOINS | D60: Recettes soins - semaine 20 | E60: MARCUS ABECASSIS | G60: =+$F$2/(52*3) -> 0 | H60: CB/Chèques | I60: =+IF(L60="A RECEVOIR",G60,"ERREUR") -> 0 | J60: =+I60 -> 0 | L60: A RECEVOIR | M60: =+RIGHT(D60,2) -> 20 | N60: =+IF(H60="CB/Chèques","Crédit Agricole","Société Générale") -> Crédit Agricole | O60: 2016
A61: =+A60 -> 1 -Recette CABINET | B61: =+B60 -> A-SOINS | D61: Recettes soins - semaine 20 | E61: MARCUS ABECASSIS | G61: =+$F$2/(52*3) -> 0 | H61: Mutuelles | I61: =+IF(L61="A RECEVOIR",G61,"ERREUR") -> 0 | J61: =+I61 -> 0 | L61: A RECEVOIR | N61: =+IF(H61="CB/Chèques","Crédit Agricole","Société Générale") -> Société Générale | O61: 2016
A62: =+A61 -> 1 -Recette CABINET | B62: =+B61 -> A-SOINS | D62: Recettes soins - semaine 20 | E62: MARCUS ABECASSIS | G62: =+$F$2/(52*3) -> 0 | H62: Sécurité Sociale | I62: =+IF(L62="A RECEVOIR",G62,"ERREUR") -> 0 | J62: =+I62 -> 0 | L62: A RECEVOIR | N62: =+IF(H62="CB/Chèques","Crédit Agricole","Société Générale") -> Société Générale | O62: 2016
A63: =+A62 -> 1 -Recette CABINET | B63: =+B62 -> A-SOINS | D63: Recettes soins - semaine 21 | E63: MARCUS ABECASSIS | G63: =+$F$2/(52*3) -> 0 | H63: CB/Chèques | I63: =+IF(L63="A RECEVOIR",G63,"ERREUR") -> 0 | J63: =+I63 -> 0 | L63: A RECEVOIR | M63: =+RIGHT(D63,2) -> 21 | N63: =+IF(H63="CB/Chèques","Crédit Agricole","Société Générale") -> Crédit Agricole | O63: 2016
A64: =+A63 -> 1 -Recette CABINET | B64: =+B63 -> A-SOINS | D64: Recettes soins - semaine 21 | E64: MARCUS ABECASSIS | G64: =+$F$2/(52*3) -> 0 | H64: Mutuelles | I64: =+IF(L64="A RECEVOIR",G64,"ERREUR") -> 0 | J64: =+I64 -> 0 | L64: A RECEVOIR | N64: =+IF(H64="CB/Chèques","Crédit Agricole","Société Générale") -> Société Générale | O64: 2016
A65: =+A64 -> 1 -Recette CABINET | B65: =+B64 -> A-SOINS | D65: Recettes soins - semaine 21 | E65: MARCUS ABECASSIS | G65: =+$F$2/(52*3) -> 0 | H65: Sécurité Sociale | I65: =+IF(L65="A RECEVOIR",G65,"ERREUR") -> 0 | J65: =+I65 -> 0 | L65: A RECEVOIR | N65: =+IF(H65="CB/Chèques","Crédit Agricole","Société Générale") -> Société Générale | O65: 2016
A66: =+A65 -> 1 -Recette CABINET | B66: =+B65 -> A-SOINS | D66: Recettes soins - semaine 22 | E66: MARCUS ABECASSIS | G66: =+$F$2/(52*3) -> 0 | H66: CB/Chèques | I66: =+IF(L66="A RECEVOIR",G66,"ERREUR") -> 0 | J66: =+I66 -> 0 | L66: A RECEVOIR | M66: =+RIGHT(D66,2) -> 22 | N66: =+IF(H66="CB/Chèques","Crédit Agricole","Société Générale") -> Crédit Agricole | O66: 2016
A67: =+A66 -> 1 -Recette CABINET | B67: =+B66 -> A-SOINS | D67: Recettes soins - semaine 22 | E67: MARCUS ABECASSIS | G67: =+$F$2/(52*3) -> 0 | H67: Mutuelles | I67: =+IF(L67="A RECEVOIR",G67,"ERREUR") -> 0 | J67: =+I67 -> 0 | L67: A RECEVOIR | N67: =+IF(H67="CB/Chèques","Crédit Agricole","Société Générale") -> Société Générale | O67: 2016
A68: =+A67 -> 1 -Recette CABINET | B68: =+B67 -> A-SOINS | D68: Recettes soins - semaine 22 | E68: MARCUS ABECASSIS | G68: =+$F$2/(52*3) -> 0 | H68: Sécurité Sociale | I68: =+IF(L68="A RECEVOIR",G68,"ERREUR") -> 0 | J68: =+I68 -> 0 | L68: A RECEVOIR | N68: =+IF(H68="CB/Chèques","Crédit Agricole","Société Générale") -> Société Générale | O68: 2016
A69: =+A68 -> 1 -Recette CABINET | B69: =+B68 -> A-SOINS | D69: Recettes soins - semaine 23 | E69: MARCUS ABECASSIS | G69: =+$F$2/(52*3) -> 0 | H69: CB/Chèques | I69: =+IF(L69="A RECEVOIR",G69,"ERREUR") -> 0 | J69: =+I69 -> 0 | L69: A RECEVOIR | M69: =+RIGHT(D69,2) -> 23 | N69: =+IF(H69="CB/Chèques","Crédit Agricole","Société Générale") -> Crédit Agricole | O69: 2016
A70: =+A69 -> 1 -Recette CABINET | B70: =+B69 -> A-SOINS | D70: Recettes soins - semaine 23 | E70: MARCUS ABECASSIS | G70: =+$F$2/(52*3) -> 0 | H70: Mutuelles | I70: =+IF(L70="A RECEVOIR",G70,"ERREUR") -> 0 | J70: =+I70 -> 0 | L70: A RECEVOIR | N70: =+IF(H70="CB/Chèques","Crédit Agricole","Société Générale") -> Société Générale | O70: 2016
A71: =+A70 -> 1 -Recette CABINET | B71: =+B70 -> A-SOINS | D71: Recettes soins - semaine 23 | E71: MARCUS ABECASSIS | G71: =+$F$2/(52*3) -> 0 | H71: Sécurité Sociale | I71: =+IF(L71="A RECEVOIR",G71,"ERREUR") -> 0 | J71: =+I71 -> 0 | L71: A RECEVOIR | N71: =+IF(H71="CB/Chèques","Crédit Agricole","Société Générale") -> Société Générale | O71: 2016
A72: =+A71 -> 1 -Recette CABINET | B72: =+B71 -> A-SOINS | D72: Recettes soins - semaine 24 | E72: MARCUS ABECASSIS | G72: =+$F$2/(52*3) -> 0 | H72: CB/Chèques | I72: =+IF(L72="A RECEVOIR",G72,"ERREUR") -> 0 | J72: =+I72 -> 0 | L72: A RECEVOIR | M72: =+RIGHT(D72,2) -> 24 | N72: =+IF(H72="CB/Chèques","Crédit Agricole","Société Générale") -> Crédit Agricole | O72: 2016
A73: =+A72 -> 1 -Recette CABINET | B73: =+B72 -> A-SOINS | D73: Recettes soins - semaine 24 | E73: MARCUS ABECASSIS | G73: =+$F$2/(52*3) -> 0 | H73: Mutuelles | I73: =+IF(L73="A RECEVOIR",G73,"ERREUR") -> 0 | J73: =+I73 -> 0 | L73: A RECEVOIR | N73: =+IF(H73="CB/Chèques","Crédit Agricole","Société Générale") -> Société Générale | O73: 2016
A74: =+A73 -> 1 -Recette CABINET | B74: =+B73 -> A-SOINS | D74: Recettes soins - semaine 24 | E74: MARCUS ABECASSIS | G74: =+$F$2/(52*3) -> 0 | H74: Sécurité Sociale | I74: =+IF(L74="A RECEVOIR",G74,"ERREUR") -> 0 | J74: =+I74 -> 0 | L74: A RECEVOIR | N74: =+IF(H74="CB/Chèques","Crédit Agricole","Société Générale") -> Société Générale | O74: 2016
A75: =+A74 -> 1 -Recette CABINET | B75: =+B74 -> A-SOINS | D75: Recettes soins - semaine 25 | E75: MARCUS ABECASSIS | G75: =+$F$2/(52*3) -> 0 | H75: CB/Chèques | I75: =+IF(L75="A RECEVOIR",G75,"ERREUR") -> 0 | J75: =+I75 -> 0 | L75: A RECEVOIR | M75: =+RIGHT(D75,2) -> 25 | N75: =+IF(H75="CB/Chèques","Crédit Agricole","Société Générale") -> Crédit Agricole | O75: 2016
A76: =+A75 -> 1 -Recette CABINET | B76: =+B75 -> A-SOINS | D76: Recettes soins - semaine 25 | E76: MARCUS ABECASSIS | G76: =+$F$2/(52*3) -> 0 | H76: Mutuelles | I76: =+IF(L76="A RECEVOIR",G76,"ERREUR") -> 0 | J76: =+I76 -> 0 | L76: A RECEVOIR | N76: =+IF(H76="CB/Chèques","Crédit Agricole","Société Générale") -> Société Générale | O76: 2016
A77: =+A76 -> 1 -Recette CABINET | B77: =+B76 -> A-SOINS | D77: Recettes soins - semaine 25 | E77: MARCUS ABECASSIS | G77: =+$F$2/(52*3) -> 0 | H77: Sécurité Sociale | I77: =+IF(L77="A RECEVOIR",G77,"ERREUR") -> 0 | J77: =+I77 -> 0 | L77: A RECEVOIR | N77: =+IF(H77="CB/Chèques","Crédit Agricole","Société Générale") -> Société Générale | O77: 2016
A78: =+A77 -> 1 -Recette CABINET | B78: =+B77 -> A-SOINS | D78: Recettes soins - semaine 26 | E78: MARCUS ABECASSIS | G78: =+$F$2/(52*3) -> 0 | H78: CB/Chèques | I78: =+IF(L78="A RECEVOIR",G78,"ERREUR") -> 0 | J78: =+I78 -> 0 | L78: A RECEVOIR | M78: =+RIGHT(D78,2) -> 26 | N78: =+IF(H78="CB/Chèques","Crédit Agricole","Société Générale") -> Crédit Agricole | O78: 2016
A79: =+A78 -> 1 -Recette CABINET | B79: =+B78 -> A-SOINS | D79: Recettes soins - semaine 26 | E79: MARCUS ABECASSIS | G79: =+$F$2/(52*3) -> 0 | H79: Mutuelles | I79: =+IF(L79="A RECEVOIR",G79,"ERREUR") -> 0 | J79: =+I79 -> 0 | L79: A RECEVOIR | N79: =+IF(H79="CB/Chèques","Crédit Agricole","Société Générale") -> Société Générale | O79: 2016
A80: =+A79 -> 1 -Recette CABINET | B80: =+B79 -> A-SOINS | D80: Recettes soins - semaine 26 | E80: MARCUS ABECASSIS | G80: =+$F$2/(52*3) -> 0 | H80: Sécurité Sociale | I80: =+IF(L80="A RECEVOIR",G80,"ERREUR") -> 0 | J80: =+I80 -> 0 | L80: A RECEVOIR | N80: =+IF(H80="CB/Chèques","Crédit Agricole","Société Générale") -> Société Générale | O80: 2016
A81: =+A80 -> 1 -Recette CABINET | B81: =+B80 -> A-SOINS | D81: Recettes soins - semaine 27 | E81: MARCUS ABECASSIS | G81: =+$F$2/(52*3) -> 0 | H81: CB/Chèques | I81: =+IF(L81="A RECEVOIR",G81,"ERREUR") -> 0 | J81: =+I81 -> 0 | L81: A RECEVOIR | M81: =+RIGHT(D81,2) -> 27 | N81: =+IF(H81="CB/Chèques","Crédit Agricole","Société Générale") -> Crédit Agricole | O81: 2016
A82: =+A81 -> 1 -Recette CABINET | B82: =+B81 -> A-SOINS | D82: Recettes soins - semaine 27 | E82: MARCUS ABECASSIS | G82: =+$F$2/(52*3) -> 0 | H82: Mutuelles | I82: =+IF(L82="A RECEVOIR",G82,"ERREUR") -> 0 | J82: =+I82 -> 0 | L82: A RECEVOIR | N82: =+IF(H82="CB/Chèques","Crédit Agricole","Société Générale") -> Société Générale | O82: 2016
A83: =+A82 -> 1 -Recette CABINET | B83: =+B82 -> A-SOINS | D83: Recettes soins - semaine 27 | E83: MARCUS ABECASSIS | G83: =+$F$2/(52*3) -> 0 | H83: Sécurité Sociale | I83: =+IF(L83="A RECEVOIR",G83,"ERREUR") -> 0 | J83: =+I83 -> 0 | L83: A RECEVOIR | N83: =+IF(H83="CB/Chèques","Crédit Agricole","Société Générale") -> Société Générale | O83: 2016
A84: =+A83 -> 1 -Recette CABINET | B84: =+B83 -> A-SOINS | D84: Recettes soins - semaine 28 | E84: MARCUS ABECASSIS | G84: =+$F$2/(52*3) -> 0 | H84: CB/Chèques | I84: =+IF(L84="A RECEVOIR",G84,"ERREUR") -> 0 | J84: =+I84 -> 0 | L84: A RECEVOIR | M84: =+RIGHT(D84,2) -> 28 | N84: =+IF(H84="CB/Chèques","Crédit Agricole","Société Générale") -> Crédit Agricole | O84: 2016
A85: =+A84 -> 1 -Recette CABINET | B85: =+B84 -> A-SOINS | D85: Recettes soins - semaine 28 | E85: MARCUS ABECASSIS | G85: =+$F$2/(52*3) -> 0 | H85: Mutuelles | I85: =+IF(L85="A RECEVOIR",G85,"ERREUR") -> 0 | J85: =+I85 -> 0 | L85: A RECEVOIR | N85: =+IF(H85="CB/Chèques","Crédit Agricole","Société Générale") -> Société Générale | O85: 2016
A86: =+A85 -> 1 -Recette CABINET | B86: =+B85 -> A-SOINS | D86: Recettes soins - semaine 28 | E86: MARCUS ABECASSIS | G86: =+$F$2/(52*3) -> 0 | H86: Sécurité Sociale | I86: =+IF(L86="A RECEVOIR",G86,"ERREUR") -> 0 | J86: =+I86 -> 0 | L86: A RECEVOIR | N86: =+IF(H86="CB/Chèques","Crédit Agricole","Société Générale") -> Société Générale | O86: 2016
A87: =+A86 -> 1 -Recette CABINET | B87: =+B86 -> A-SOINS | D87: Recettes soins - semaine 29 | E87: MARCUS ABECASSIS | G87: =+$F$2/(52*3) -> 0 | H87: CB/Chèques | I87: =+IF(L87="A RECEVOIR",G87,"ERREUR") -> 0 | J87: =+I87 -> 0 | L87: A RECEVOIR | M87: =+RIGHT(D87,2) -> 29 | N87: =+IF(H87="CB/Chèques","Crédit Agricole","Société Générale") -> Crédit Agricole | O87: 2016
A88: =+A87 -> 1 -Recette CABINET | B88: =+B87 -> A-SOINS | D88: Recettes soins - semaine 29 | E88: MARCUS ABECASSIS | G88: =+$F$2/(52*3) -> 0 | H88: Mutuelles | I88: =+IF(L88="A RECEVOIR",G88,"ERREUR") -> 0 | J88: =+I88 -> 0 | L88: A RECEVOIR | N88: =+IF(H88="CB/Chèques","Crédit Agricole","Société Générale") -> Société Générale | O88: 2016
A89: =+A88 -> 1 -Recette CABINET | B89: =+B88 -> A-SOINS | D89: Recettes soins - semaine 29 | E89: MARCUS ABECASSIS | G89: =+$F$2/(52*3) -> 0 | H89: Sécurité Sociale | I89: =+IF(L89="A RECEVOIR",G89,"ERREUR") -> 0 | J89: =+I89 -> 0 | L89: A RECEVOIR | N89: =+IF(H89="CB/Chèques","Crédit Agricole","Société Générale") -> Société Générale | O89: 2016
A90: =+A89 -> 1 -Recette CABINET | B90: =+B89 -> A-SOINS | D90: Recettes soins - semaine 30 | E90: MARCUS ABECASSIS | G90: =+$F$2/(52*3) -> 0 | H90: CB/Chèques | I90: =+IF(L90="A RECEVOIR",G90,"ERREUR") -> 0 | J90: =+I90 -> 0 | L90: A RECEVOIR | M90: =+RIGHT(D90,2) -> 30 | N90: =+IF(H90="CB/Chèques","Crédit Agricole","Société Générale") -> Crédit Agricole | O90: 2016
A91: =+A90 -> 1 -Recette CABINET | B91: =+B90 -> A-SOINS | D91: Recettes soins - semaine 30 | E91: MARCUS ABECASSIS | G91: =+$F$2/(52*3) -> 0 | H91: Mutuelles | I91: =+IF(L91="A RECEVOIR",G91,"ERREUR") -> 0 | J91: =+I91 -> 0 | L91: A RECEVOIR | N91: =+IF(H91="CB/Chèques","Crédit Agricole","Société Générale") -> Société Générale | O91: 2016
A92: =+A91 -> 1 -Recette CABINET | B92: =+B91 -> A-SOINS | D92: Recettes soins - semaine 30 | E92: MARCUS ABECASSIS | G92: =+$F$2/(52*3) -> 0 | H92: Sécurité Sociale | I92: =+IF(L92="A RECEVOIR",G92,"ERREUR") -> 0 | J92: =+I92 -> 0 | L92: A RECEVOIR | N92: =+IF(H92="CB/Chèques","Crédit Agricole","Société Générale") -> Société Générale | O92: 2016
A93: =+A92 -> 1 -Recette CABINET | B93: =+B92 -> A-SOINS | D93: Recettes soins - semaine 31 | E93: MARCUS ABECASSIS | G93: =+$F$2/(52*3) -> 0 | H93: CB/Chèques | I93: =+IF(L93="A RECEVOIR",G93,"ERREUR") -> 0 | J93: =+I93 -> 0 | L93: A RECEVOIR | M93: =+RIGHT(D93,2) -> 31 | N93: =+IF(H93="CB/Chèques","Crédit Agricole","Société Générale") -> Crédit Agricole | O93: 2016
A94: =+A93 -> 1 -Recette CABINET | B94: =+B93 -> A-SOINS | D94: Recettes soins - semaine 31 | E94: MARCUS ABECASSIS | G94: =+$F$2/(52*3) -> 0 | H94: Mutuelles | I94: =+IF(L94="A RECEVOIR",G94,"ERREUR") -> 0 | J94: =+I94 -> 0 | L94: A RECEVOIR | N94: =+IF(H94="CB/Chèques","Crédit Agricole","Société Générale") -> Société Générale | O94: 2016
A95: =+A94 -> 1 -Recette CABINET | B95: =+B94 -> A-SOINS | D95: Recettes soins - semaine 31 | E95: MARCUS ABECASSIS | G95: =+$F$2/(52*3) -> 0 | H95: Sécurité Sociale | I95: =+IF(L95="A RECEVOIR",G95,"ERREUR") -> 0 | J95: =+I95 -> 0 | L95: A RECEVOIR | N95: =+IF(H95="CB/Chèques","Crédit Agricole","Société Générale") -> Société Générale | O95: 2016
A96: =+A95 -> 1 -Recette CABINET | B96: =+B95 -> A-SOINS | D96: Recettes soins - semaine 32 | E96: MARCUS ABECASSIS | G96: =+$F$2/(52*3) -> 0 | H96: CB/Chèques | I96: =+IF(L96="A RECEVOIR",G96,"ERREUR") -> 0 | J96: =+I96 -> 0 | L96: A RECEVOIR | M96: =+RIGHT(D96,2) -> 32 | N96: =+IF(H96="CB/Chèques","Crédit Agricole","Société Générale") -> Crédit Agricole | O96: 2016
A97: =+A96 -> 1 -Recette CABINET | B97: =+B96 -> A-SOINS | D97: Recettes soins - semaine 32 | E97: MARCUS ABECASSIS | G97: =+$F$2/(52*3) -> 0 | H97: Mutuelles | I97: =+IF(L97="A RECEVOIR",G97,"ERREUR") -> 0 | J97: =+I97 -> 0 | L97: A RECEVOIR | N97: =+IF(H97="CB/Chèques","Crédit Agricole","Société Générale") -> Société Générale | O97: 2016
A98: =+A97 -> 1 -Recette CABINET | B98: =+B97 -> A-SOINS | D98: Recettes soins - semaine 32 | E98: MARCUS ABECASSIS | G98: =+$F$2/(52*3) -> 0 | H98: Sécurité Sociale | I98: =+IF(L98="A RECEVOIR",G98,"ERREUR") -> 0 | J98: =+I98 -> 0 | L98: A RECEVOIR | N98: =+IF(H98="CB/Chèques","Crédit Agricole","Société Générale") -> Société Générale | O98: 2016
A99: =+A98 -> 1 -Recette CABINET | B99: =+B98 -> A-SOINS | D99: Recettes soins - semaine 33 | E99: MARCUS ABECASSIS | G99: =+$F$2/(52*3) -> 0 | H99: CB/Chèques | I99: =+IF(L99="A RECEVOIR",G99,"ERREUR") -> 0 | J99: =+I99 -> 0 | L99: A RECEVOIR | M99: =+RIGHT(D99,2) -> 33 | N99: =+IF(H99="CB/Chèques","Crédit Agricole","Société Générale") -> Crédit Agricole | O99: 2016
A100: =+A99 -> 1 -Recette CABINET | B100: =+B99 -> A-SOINS | D100: Recettes soins - semaine 33 | E100: MARCUS ABECASSIS | G100: =+$F$2/(52*3) -> 0 | H100: Mutuelles | I100: =+IF(L100="A RECEVOIR",G100,"ERREUR") -> 0 | J100: =+I100 -> 0 | L100: A RECEVOIR | N100: =+IF(H100="CB/Chèques","Crédit Agricole","Société Générale") -> Société Générale | O100: 2016
...

Sheet TABLEAU 1 TRESO - CHARGES FIXES
A9: DEPENSES TRESORERIE CHARGES FIXES | B9: Étiquettes de colonnes
A10: Étiquettes de lignes | B10: 1 | C10: 2 | D10: 3 | E10: 4 | F10: 5 | G10: 6 | H10: 7 | I10: 8 | J10: 9 | K10: 10 | L10: 11 | M10: 12 | N10: 13 | O10: 14 | P10: 15 | Q10: 16 | R10: 17 | S10: 18 | T10: 19 | U10: 20 | V10: 21 | W10: 22 | X10: 23 | Y10: 24 | Z10: 25 | AA10: 26 | AB10: 27 | AC10: 28 | AD10: 29 | AE10: 30 | AF10: 31 | AG10: 32 | AH10: 33 | AI10: 34 | AJ10: 35 | AK10: 36 | AL10: 37 | AM10: 38 | AN10: 39 | AO10: 40 | AP10: 41 | AQ10: 42 | AR10: 43 | AS10: 44 | AT10: 45 | AU10: 46 | AV10: 47 | AW10: 48 | AX10: 49 | AY10: 50 | AZ10: 51 | BA10: 52 | BB10: (vide) | BC10: Total général
A11: CIC | B11: 1254.58 | C11: 718.12 | E11: 3171.94 | F11: 1150 | G11: 104.58 | H11: 718.12 | J11: 4321.94 | K11: 104.58 | L11: 718.12 | N11: 4171.94 | O11: 254.58 | P11: 718.12 | R11: 3171.94 | S11: 1150 | T11: 822.7 | W11: 4321.94 | X11: 104.58 | Y11: 718.12 | AA11: 4171.94 | AB11: 254.58 | AC11: 718.12 | AE11: 3171.94 | AF11: 1150 | AG11: 104.58 | AH11: 718.12 | AJ11: 4321.94 | AK11: 104.58 | AL11: 718.12 | AN11: 3171.94 | AO11: 1150 | AP11: 822.7 | AR11: 3171.94 | AS11: 1150 | AT11: 104.58 | AU11: 718.12 | AW11: 4321.94 | AX11: 104.58 | AY11: 718.12 | BA11: 3171.94 | BC11: 61735.68
A12: C-LOCATION PARKING | B12: 150 | F12: 150 | J12: 150 | O12: 150 | S12: 150 | W12: 150 | AB12: 150 | AF12: 150 | AJ12: 150 | AO12: 150 | AS12: 150 | AW12: 150 | BC12: 1800
A13: K-PREVOYANCE VIE | B13: 104.58 | G13: 104.58 | K13: 104.58 | O13: 104.58 | T13: 104.58 | X13: 104.58 | AB13: 104.58 | AG13: 104.58 | AK13: 104.58 | AP13: 104.58 | AT13: 104.58 | AX13: 104.58 | BC13: 1254.96
A14: L-CREDIT BAILS (LOCATIONS) | C14: 718.12 | H14: 718.12 | L14: 718.12 | P14: 718.12 | T14: 718.12 | Y14: 718.12 | AC14: 718.12 | AH14: 718.12 | AL14: 718.12 | AP14: 718.12 | AU14: 718.12 | AY14: 718.12 | BC14: 8617.44
A15: T-PRÊT CIC | E15: 1171.94 | J15: 1171.94 | N15: 1171.94 | R15: 1171.94 | W15: 1171.94 | AA15: 1171.94 | AE15: 1171.94 | AJ15: 1171.94 | AN15: 1171.94 | AR15: 1171.94 | AW15: 1171.94 | BA15: 1171.94 | BC15: 14063.28
A16: U-VIREMENT PERSONNEL | E16: 2000 | J16: 2000 | N16: 2000 | R16: 2000 | W16: 2000 | AA16: 2000 | AE16: 2000 | AJ16: 2000 | AN16: 2000 | AR16: 2000 | AW16: 2000 | BA16: 2000 | BC16: 24000
A17: X-VIREMENT APPARTEMENT | B17: 1000 | F17: 1000 | J17: 1000 | N17: 1000 | S17: 1000 | W17: 1000 | AA17: 1000 | AF17: 1000 | AJ17: 1000 | AO17: 1000 | AS17: 1000 | AW17: 1000 | BC17: 12000
A18: Crédit Agricole | B18: 180 | D18: 5958.51 | E18: 2000 | F18: 180 | I18: 1789.51 | J18: 2180 | M18: 1789.51 | N18: 2180 | O18: 542.19 | Q18: 5958.51 | R18: 2180 | S18: 542.19 | V18: 3789.51 | W18: 722.19 | Z18: 1789.51 | AA18: 2180 | AB18: 542.19 | AD18: 5958.51 | AE18: 2000 | AF18: 722.19 | AI18: 1789.51 | AJ18: 2722.19 | AM18: 1789.51 | AN18: 2180 | AO18: 542.19 | AQ18: 5958.51 | AR18: 2000 | AS18: 722.19 | AV18: 1789.51 | AW18: 2722.19 | AZ18: 1789.51 | BA18: 2000 | BC18: 69189.83
A19: B-ASSURANCE RC PRO | O19: 542.19 | S19: 542.19 | W19: 542.19 | AB19: 542.19 | AF19: 542.19 | AJ19: 542.19 | AO19: 542.19 | AS19: 542.19 | AW19: 542.19 | BC19: 4879.71
A20: P-SALAIRE ASSISTANTE | D20: 5958.51 | I20: 1789.51 | M20: 1789.51 | Q20: 5958.51 | V20: 1789.51 | Z20: 1789.51 | AD20: 5958.51 | AI20: 1789.51 | AM20: 1789.51 | AQ20: 5958.51 | AV20: 1789.51 | AZ20: 1789.51 | BC20: 38150.12
A21: Q-LOYER LOCAUX | E21: 2000 | J21: 2000 | N21: 2000 | R21: 2000 | V21: 2000 | AA21: 2000 | AE21: 2000 | AJ21: 2000 | AN21: 2000 | AR21: 2000 | AW21: 2000 | BA21: 2000 | BC21: 24000
A22: W-EXPERT COMPTABLE | B22: 180 | F22: 180 | J22: 180 | N22: 180 | R22: 180 | W22: 180 | AA22: 180 | AF22: 180 | AJ22: 180 | AN22: 180 | AS22: 180 | AW22: 180 | BC22: 2160
A23: Société Générale | B23: 1651.65 | C23: 1588.23 | D23: 1377.38 | E23: 733.5 | F23: 2228.64 | G23: 619.89 | H23: 3077.81 | I23: 0 | J23: 1573.14 | K23: 609.31 | L23: 1540.91 | M23: 1379.74 | N23: 977.04 | O23: 648.98 | P23: 1570.9 | Q23: 1350 | R23: 977.04 | S23: 337.97 | T23: 1841.91 | U23: 1390 | V23: 66.74 | W23: 1024.94 | X23: 631.07 | Y23: 1540.91 | Z23: 1350 | AA23: 977.04 | AB23: 648.98 | AC23: 1570.9 | AD23: 1416.74 | AE23: 733.5 | AF23: 291.44 | AG23: 631.07 | AH23: 2890.91 | AI23: 0 | AJ23: 1024.94 | AK23: 601.08 | AL23: 1570.9 | AM23: 1416.74 | AN23: 977.04 | AO23: 499.03 | AP23: 1626.85 | AQ23: 1390 | AR23: 733.5 | AS23: 291.44 | AT23: 577.07 | AU23: 1540.91 | AV23: 1416.74 | AW23: 1024.94 | AX23: 547.08 | AY23: 1570.9 | AZ23: 1350 | BA23: 733.5 | BC23: 58140.94
A24: A-ELECTRICITE | B24: 243.54 | F24: 243.54 | J24: 243.54 | N24: 243.54 | R24: 243.54 | W24: 243.54 | AA24: 243.54 | AF24: 243.54 | AJ24: 243.54 | AN24: 243.54 | AS24: 243.54 | AW24: 243.54 | BC24: 2922.48
A25: B-ASSURANCE RC PRO | B25: 548.2 | F25: 548.2 | J25: 548.2 | BC25: 1644.6
A26: C-CHAINES TV | B26: 47.9 | F26: 47.9 | J26: 47.9 | O26: 47.9 | S26: 47.9 | W26: 47.9 | AB26: 47.9 | AF26: 47.9 | AJ26: 47.9 | AO26: 47.9 | AS26: 47.9 | AW26: 47.9 | BC26: 574.8
A27: D-CHARGES SOCIALES MARCUS ABECASSIS | F27: 1389 | BC27: 1389
A28: E-ASSURANCE LOCAUX | B28: 103.09 | G28: 103.09 | K28: 103.09 | O28: 103.09 | S28: 103.09 | X28: 103.09 | AB28: 103.09 | AG28: 103.09 | AK28: 103.09 | AO28: 103.09 | AT28: 103.09 | AX28: 103.09 | BC28: 1237.08
A29: F-TELEPHONE ET INTERNET ADSL | B29: 164.1 | G29: 118.81 | K29: 101.38 | O29: 132.98 | S29: 132.98 | X29: 132.98 | AB29: 132.98 | AG29: 132.98 | AK29: 132.98 | AO29: 132.98 | AT29: 132.98 | AX29: 132.98 | BC29: 1581.11
A30: G-TELEPHONE FIXE | B30: 202.84 | G30: 215.06 | K30: 216.56 | O30: 215.06 | T30: 215.06 | X30: 215.06 | AB30: 215.06 | AG30: 215.06 | AK30: 215.06 | AO30: 215.06 | AT30: 215.06 | AX30: 215.06 | BC30: 2570
A31: H-TELEPHONE MOBILE | C31: 33.42 | G31: 32.98 | K31: 38.33 | P31: 29.99 | T31: 29.99 | X31: 29.99 | AC31: 29.99 | AG31: 29.99 | AL31: 29.99 | AP31: 29.99 | AT31: 29.99 | AY31: 29.99 | BC31: 374.64
A32: I-ELOGIE PARK | B32: 95.95 | G32: 95.95 | K32: 95.95 | O32: 95.95 | T32: 95.95 | X32: 95.95 | AB32: 95.95 | AG32: 95.95 | AK32: 95.95 | AP32: 95.95 | AT32: 95.95 | AX32: 95.95 | BC32: 1151.4
A33: J-PREVOYANCE | B33: 192.03 | BC33: 192.03
A34: L-RETRAITE CHIRURGIEN | C34: 1500.91 | H34: 1500.91 | L34: 1500.91 | P34: 1500.91 | T34: 1500.91 | Y34: 1500.91 | AC34: 1500.91 | AH34: 1500.91 | AL34: 1500.91 | AP34: 1500.91 | AU34: 1500.91 | AY34: 1500.91 | BC34: 18010.92
A35: M-FRAIS DE PEAGE | C35: 53.9 | H35: 78.9 | L35: 40 | P35: 40 | U35: 40 | Y35: 40 | AC35: 40 | AH35: 40 | AL35: 40 | AQ35: 40 | AU35: 40 | AY35: 40 | BC35: 532.8
A36: N-URSSAF CHIRURGIEN | D36: 1313 | H36: 1498 | M36: 1313 | Q36: 1350 | U36: 1350 | Z36: 1350 | AD36: 1350 | AH36: 1350 | AM36: 1350 | AQ36: 1350 | AV36: 1350 | AZ36: 1350 | BC36: 16274
A37: O-TELEPHONE ORANGE | D37: 64.38 | I37: 0 | M37: 66.74 | Q37: 0 | V37: 66.74 | Z37: 0 | AD37: 66.74 | AI37: 0 | AM37: 66.74 | AQ37: 0 | AV37: 66.74 | AZ37: 0 | BC37: 398.08
A38: R-MATERIEL RADIOLOGIE | E38: 716.51 | J38: 716.51 | N38: 716.51 | R38: 716.51 | W38: 716.51 | AA38: 716.51 | AE38: 716.51 | AJ38: 716.51 | AN38: 716.51 | AR38: 716.51 | AW38: 716.51 | BA38: 716.51 | BC38: 8598.12
A39: V-TELEPHONE FREE | E39: 16.99 | J39: 16.99 | N39: 16.99 | R39: 16.99 | W39: 16.99 | AA39: 16.99 | AE39: 16.99 | AJ39: 16.99 | AN39: 16.99 | AR39: 16.99 | AW39: 16.99 | BA39: 16.99 | BC39: 203.88
A40: Z-ASSURANCE | B40: 54 | G40: 54 | K40: 54 | O40: 54 | S40: 54 | X40: 54 | AB40: 54 | AG40: 54 | AK40: 54 | BC40: 486
A41: Société Générale ETELI | B41: 69.04 | E41: 1921.84 | G41: 69.04 | J41: 1921.84 | K41: 69.04 | N41: 1921.84 | O41: 69.04 | R41: 1921.84 | S41: 69.04 | W41: 1921.84 | X41: 69.04 | AA41: 1921.84 | AB41: 69.04 | AE41: 1921.84 | AG41: 69.04 | AJ41: 1921.84 | AK41: 69.04 | AN41: 1921.84 | AO41: 69.04 | AR41: 1921.84 | AT41: 69.04 | AW41: 1921.84 | AX41: 69.04 | BA41: 1921.84 | BC41: 23890.56
A42: S-PRÊT ETELI | E42: 1921.84 | J42: 1921.84 | N42: 1921.84 | R42: 1921.84 | W42: 1921.84 | AA42: 1921.84 | AE42: 1921.84 | AJ42: 1921.84 | AN42: 1921.84 | AR42: 1921.84 | AW42: 1921.84 | BA42: 1921.84 | BC42: 23062.08
A43: Y-ASSURANCE PRÊT | B43: 69.04 | G43: 69.04 | K43: 69.04 | O43: 69.04 | S43: 69.04 | X43: 69.04 | AB43: 69.04 | AG43: 69.04 | AK43: 69.04 | AO43: 69.04 | AT43: 69.04 | AX43: 69.04 | BC43: 828.48
A44: (vide) | G44: 0 | K44: 0 | O44: 0 | S44: 1389 | T44: 0 | X44: 0 | AB44: 0 | AF44: 1389 | AG44: 0 | AK44: 0 | AP44: 0 | AS44: 1389 | AT44: 0 | AX44: 0 | BC44: 4167
A45: Total général | B45: 3155.27 | C45: 2306.35 | D45: 7335.89 | E45: 7827.28 | F45: 3558.64 | G45: 793.51 | H45: 3795.93 | I45: 1789.51 | J45: 9996.92 | K45: 782.93 | L45: 2259.03 | M45: 3169.25 | N45: 9250.82 | O45: 1514.79 | P45: 2289.02 | Q45: 7308.51 | R45: 8250.82 | S45: 3488.2 | T45: 2664.61 | U45: 1390 | V45: 3856.25 | W45: 7990.91 | X45: 804.69 | Y45: 2259.03 | Z45: 3139.51 | AA45: 9250.82 | AB45: 1514.79 | AC45: 2289.02 | AD45: 7375.25 | AE45: 7827.28 | AF45: 3552.63 | AG45: 804.69 | AH45: 3609.03 | AI45: 1789.51 | AJ45: 9990.91 | AK45: 774.7 | AL45: 2289.02 | AM45: 3206.25 | AN45: 8250.82 | AO45: 2260.26 | AP45: 2449.55 | AQ45: 7348.51 | AR45: 7827.28 | AS45: 3552.63 | AT45: 750.69 | AU45: 2259.03 | AV45: 3206.25 | AW45: 9990.91 | AX45: 720.7 | AY45: 2289.02 | AZ45: 3139.51 | BA45: 7827.28 | BC45: 217124.01

Sheet TABLEAU 2 TRESO - ACHATS
A3: Somme de Total TTC | B3: Étiquettes de colonnes
A4: Étiquettes de lignes | B4: 1 | C4: 2 | D4: 3 | E4: 4 | F4: 6 | G4: 7 | H4: 8 | I4: 10 | J4: 12 | K4: 14 | L4: 17 | M4: 18 | N4: 21 | O4: 25 | P4: (vide) | Q4: 11 | R4: 9 | S4: 5 | T4: Total général
A5: (vide)
A6: Crédit Agricole | B6: 4647.13 | C6: 425.9 | D6: 624.66 | E6: 1734.5 | F6: 1231.32 | G6: 983.7 | H6: 1090.64 | I6: 2283.32 | J6: 1123.82 | K6: 1394.87 | L6: 1044.92 | M6: 1774.31 | N6: 1345.16 | O6: 538.76 | Q6: 2847.7 | R6: 329.57 | T6: 23420.28
A7: ALDO TOHME | I7: 1015 | Q7: 2018 | T7: 3033
A8: ALPHABIO | E8: 1213.96 | H8: 968.89 | J8: 1123.82 | L8: 1044.92 | N8: 1345.16 | O8: 538.76 | T8: 6235.51
A9: BIOMET | E9: 58.8 | T9: 58.8
A10: GACD | D10: 129.65 | T10: 129.65
A11: GD | B11: 3150.93 | Q11: 829.7 | T11: 3980.63
A12: GEISTLICH | D12: 495.01 | T12: 495.01
A13: IPP PHARMA | E13: 269 | F13: 268.9 | T13: 537.9
A14: LABOPREMIER | F14: 962.42 | I14: 1268.32 | K14: 1394.87 | M14: 1774.31 | T14: 5399.92
A15: MEGADENTAL | B15: 1496.2 | C15: 425.9 | G15: 983.7 | T15: 2905.8
A16: MIS | H16: 121.75 | T16: 121.75
A17: SFID | R17: 329.57 | T17: 329.57
A18: SODICOME | E18: 192.74 | T18: 192.74
A19: CIC | B19: 480 | D19: 323.52 | I19: 162.84 | S19: 900.68 | T19: 1867.04
A20: AB IMPLANTS | B20: 480 | T20: 480
A21: IRSN | I21: 162.84 | T21: 162.84
A22: LABOPREMIER | S22: 900.68 | T22: 900.68
A23: VOG | D23: 323.52 | T23: 323.52
A24: Société Générale | K24: 417 | T24: 417
A25: CNOCD | K25: 417 | T25: 417
A26: Total général | B26: 5127.13 | C26: 425.9 | D26: 948.18 | E26: 1734.5 | F26: 1231.32 | G26: 983.7 | H26: 1090.64 | I26: 2446.16 | J26: 1123.82 | K26: 1811.87 | L26: 1044.92 | M26: 1774.31 | N26: 1345.16 | O26: 538.76 | Q26: 2847.7 | R26: 329.57 | S26: 900.68 | T26: 25704.32

Sheet TABLEAU TRESO 3 - RECETTES
A1: Mode règlement | B1: (Plusieurs éléments)
A3: Somme de Total TTC | B3: Étiquettes de colonnes
A4: Étiquettes de lignes | B4: 1 | C4: 2 | D4: 3 | E4: 4 | F4: 5 | G4: 6 | H4: 7 | I4: 8 | J4: 9 | K4: 10 | L4: 11 | M4: 12 | N4: 13 | O4: 14 | P4: 15 | Q4: 16 | R4: 17 | S4: 18 | T4: 19 | U4: 20 | V4: 21 | W4: 22 | X4: 23 | Y4: 24 | Z4: 25 | AA4: 26 | AB4: 27 | AC4: 28 | AD4: 29 | AE4: 30 | AF4: 31 | AG4: 32 | AH4: 33 | AI4: 34 | AJ4: 35 | AK4: 36 | AL4: 37 | AM4: 38 | AN4: 39 | AO4: 40 | AP4: 41 | AQ4: 42 | AR4: 43 | AS4: 44 | AT4: 45 | AU4: 46 | AV4: 47 | AW4: 48 | AX4: 49 | AY4: 50 | AZ4: 51 | BA4: 52 | BB4: (vide) | BC4: Total général
A5: Société Générale | B5: 0 | C5: 0 | D5: 161.04 | E5: 79.57 | F5: 352.18 | G5: 1421.82 | H5: 28.68 | I5: 1983.16 | J5: 653.44 | K5: 0 | L5: 0 | BB5: 527.21 | BC5: 5207.1
A6: A-SOINS | B6: 0 | C6: 0 | D6: 0 | E6: 79.57 | F6: 0 | G6: 0 | H6: 28.68 | I6: 385.25 | J6: 477.35 | K6: 0 | L6: 0 | BB6: 0 | BC6: 970.85
A7: B-PROTHESES | B7: 0 | C7: 0 | D7: 161.04 | E7: 0 | F7: 352.18 | G7: 1421.82 | H7: 0 | I7: 1597.91 | J7: 176.09 | K7: 0 | L7: 0 | BB7: 527.21 | BC7: 4236.25
A8: Crédit Agricole | B8: 8817.84 | C8: 11918.56 | D8: 10914.38 | E8: 5740.93 | F8: 9603 | G8: 5056.41 | H8: 6035.82 | I8: 7218.35 | J8: 7587.8 | K8: 3804.88 | L8: 2382.88 | M8: 0 | N8: 0 | O8: 0 | P8: 0 | Q8: 0 | R8: 0 | S8: 0 | T8: 0 | U8: 0 | V8: 0 | W8: 0 | X8: 0 | Y8: 0 | Z8: 0 | AA8: 0 | AB8: 0 | AC8: 0 | AD8: 0 | AE8: 0 | AF8: 0 | AG8: 0 | AH8: 0 | AI8: 0 | AJ8: 0 | AK8: 0 | AL8: 0 | AM8: 0 | AN8: 0 | AO8: 0 | AP8: 0 | AQ8: 0 | AR8: 0 | AS8: 0 | AT8: 0 | AU8: 0 | AV8: 0 | AW8: 0 | AX8: 0 | AY8: 0 | AZ8: 0 | BA8: 0 | BC8: 79080.85
A9: A-SOINS | B9: 3025.95 | C9: 3945.04 | D9: 3215.27 | E9: 3553.93 | F9: 5132.75 | G9: 3909.41 | H9: 3043.7 | I9: 3270.6 | J9: 3615.96 | K9: 2230.9 | L9: 1495.88 | M9: 0 | N9: 0 | O9: 0 | P9: 0 | Q9: 0 | R9: 0 | S9: 0 | T9: 0 | U9: 0 | V9: 0 | W9: 0 | X9: 0 | Y9: 0 | Z9: 0 | AA9: 0 | AB9: 0 | AC9: 0 | AD9: 0 | AE9: 0 | AF9: 0 | AG9: 0 | AH9: 0 | AI9: 0 | AJ9: 0 | AK9: 0 | AL9: 0 | AM9: 0 | AN9: 0 | AO9: 0 | AP9: 0 | AQ9: 0 | AR9: 0 | AS9: 0 | AT9: 0 | AU9: 0 | AV9: 0 | AW9: 0 | AX9: 0 | AY9: 0 | AZ9: 0 | BA9: 0 | BC9: 36439.39
A10: B-PROTHESES | B10: 5791.89 | C10: 7973.52 | D10: 7699.11 | E10: 2187 | F10: 4470.25 | G10: 1147 | H10: 2992.12 | I10: 3947.75 | J10: 3971.84 | K10: 1573.98 | L10: 887 | M10: 0 | N10: 0 | O10: 0 | P10: 0 | Q10: 0 | R10: 0 | S10: 0 | T10: 0 | U10: 0 | V10: 0 | W10: 0 | X10: 0 | Y10: 0 | Z10: 0 | AA10: 0 | AB10: 0 | AC10: 0 | AD10: 0 | AE10: 0 | AF10: 0 | AG10: 0 | AH10: 0 | AI10: 0 | AJ10: 0 | AK10: 0 | AL10: 0 | AM10: 0 | AN10: 0 | AO10: 0 | AP10: 0 | AQ10: 0 | AR10: 0 | AS10: 0 | AT10: 0 | AU10: 0 | AV10: 0 | AW10: 0 | AX10: 0 | AY10: 0 | AZ10: 0 | BA10: 0 | BC10: 42641.46
A11: Total général | B11: 8817.84 | C11: 11918.56 | D11: 11075.42 | E11: 5820.5 | F11: 9955.18 | G11: 6478.23 | H11: 6064.5 | I11: 9201.51 | J11: 8241.24 | K11: 3804.88 | L11: 2382.88 | M11: 0 | N11: 0 | O11: 0 | P11: 0 | Q11: 0 | R11: 0 | S11: 0 | T11: 0 | U11: 0 | V11: 0 | W11: 0 | X11: 0 | Y11: 0 | Z11: 0 | AA11: 0 | AB11: 0 | AC11: 0 | AD11: 0 | AE11: 0 | AF11: 0 | AG11: 0 | AH11: 0 | AI11: 0 | AJ11: 0 | AK11: 0 | AL11: 0 | AM11: 0 | AN11: 0 | AO11: 0 | AP11: 0 | AQ11: 0 | AR11: 0 | AS11: 0 | AT11: 0 | AU11: 0 | AV11: 0 | AW11: 0 | AX11: 0 | AY11: 0 | AZ11: 0 | BA11: 0 | BB11: 527.21 | BC11: 84287.95
B22: =+GETPIVOTDATA("Total TTC",A$3,"Semaine RGT CB/Chèques"," 1")-Synthèse!B10-Synthèse!B20-Synthèse!B30 -> 0 | C22: =+GETPIVOTDATA("Total TTC",B$3,"Semaine RGT CB/Chèques"," 2")-Synthèse!C10-Synthèse!C20-Synthèse!C30 -> 0 | D22: =+GETPIVOTDATA("Total TTC",C$3,"Semaine RGT CB/Chèques"," 3")-Synthèse!D10-Synthèse!D20-Synthèse!D30 -> 0 | E22: =+GETPIVOTDATA("Total TTC",D$3,"Semaine RGT CB/Chèques"," 4")-Synthèse!E10-Synthèse!E20-Synthèse!E30 -> 0 | F22: =+GETPIVOTDATA("Total TTC",E$3,"Semaine RGT CB/Chèques"," 5")-Synthèse!F10-Synthèse!F20-Synthèse!F30 -> 0 | G22: =+GETPIVOTDATA("Total TTC",F$3,"Semaine RGT CB/Chèques"," 6")-Synthèse!G10-Synthèse!G20-Synthèse!G30 -> 0 | H22: =+GETPIVOTDATA("Total TTC",G$3,"Semaine RGT CB/Chèques"," 7")-Synthèse!H10-Synthèse!H20-Synthèse!H30 -> 0 | I22: =+GETPIVOTDATA("Total TTC",H$3,"Semaine RGT CB/Chèques"," 8")-Synthèse!I10-Synthèse!I20-Synthèse!I30 -> 0 | J22: =+GETPIVOTDATA("Total TTC",I$3,"Semaine RGT CB/Chèques"," 9")-Synthèse!J10-Synthèse!J20-Synthèse!J30 -> 0 | K22: =+GETPIVOTDATA("Total TTC",J$3,"Semaine RGT CB/Chèques","10")-Synthèse!K10-Synthèse!K20-Synthèse!K30 -> 0 | L22: =+GETPIVOTDATA("Total TTC",K$3,"Semaine RGT CB/Chèques","11")-Synthèse!L10-Synthèse!L20-Synthèse!L30 -> 0

Sheet Synthèse
B7: Semaines
B8: 1 | C8: 2 | D8: 3 | E8: 4 | F8: 5 | G8: 6 | H8: 7 | I8: 8 | J8: 9 | K8: 10 | L8: 11 | M8: 12 | N8: 13 | O8: 14 | P8: 15 | Q8: 16 | R8: 17 | S8: 18 | T8: 19 | U8: 20 | V8: 21 | W8: 22 | X8: 23 | Y8: 24 | Z8: 25 | AA8: 26 | AB8: 27 | AC8: 28 | AD8: 29 | AE8: 30 | AF8: 31 | AG8: 32 | AH8: 33 | AI8: 34 | AJ8: 35 | AK8: 36 | AL8: 37 | AM8: 38 | AN8: 39 | AO8: 40 | AP8: 41 | AQ8: 42 | AR8: 43 | AS8: 44 | AT8: 45 | AU8: 46 | AV8: 47 | AW8: 48 | AX8: 49 | AY8: 50 | AZ8: 51 | BA8: 52
A9: Société Générale | B9: 1172.31 | G9: 766.49 | L9: 151.19
A10: Encaissments | B10: =+SUM('TABLEAU TRESO 3 - RECETTES'!B6:B7) -> 0 | C10: =+SUM('TABLEAU TRESO 3 - RECETTES'!C6:C7) -> 0 | D10: =+SUM('TABLEAU TRESO 3 - RECETTES'!D6:D7) -> 161.04 | E10: =+SUM('TABLEAU TRESO 3 - RECETTES'!E6:E7) -> 79.57 | F10: =+SUM('TABLEAU TRESO 3 - RECETTES'!F6:F7) -> 352.18 | G10: =+SUM('TABLEAU TRESO 3 - RECETTES'!G6:G7) -> 1421.82 | H10: =+SUM('TABLEAU TRESO 3 - RECETTES'!H6:H7) -> 28.68 | I10: =+SUM('TABLEAU TRESO 3 - RECETTES'!I6:I7) -> 1983.16 | ... BA10: =+SUM('TABLEAU TRESO 3 - RECETTES'!BA6:BA7) -> 0
A11: Décaissements Charges fixes | B11: =+SUM('TABLEAU 1 TRESO - CHARGES FIXES'!B19:B26) -> 2671.29 | C11: =+SUM('TABLEAU 1 TRESO - CHARGES FIXES'!C19:C26) -> 1588.23 | D11: =+SUM('TABLEAU 1 TRESO - CHARGES FIXES'!D19:D26) -> 7335.89 | E11: =+SUM('TABLEAU 1 TRESO - CHARGES FIXES'!E19:E26) -> 2733.5 | F11: =+SUM('TABLEAU 1 TRESO - CHARGES FIXES'!F19:F26) -> 3248.28 | G11: =+SUM('TABLEAU 1 TRESO - CHARGES FIXES'!G19:G26) -> 619.89 | H11: =+SUM('TABLEAU 1 TRESO - CHARGES FIXES'!H19:H26) -> 3077.81 | I11: =+SUM('TABLEAU 1 TRESO - CHARGES FIXES'!I19:I26) -> 1789.51 | ... BA11: =+SUM('TABLEAU 1 TRESO - CHARGES FIXES'!BA19:BA26) -> 2733.5
A12: Décaissement Achats | B12: =GETPIVOTDATA("Total TTC",'TABLEAU 2 TRESO - ACHATS'!$A$3,"Prestataire","CNOCD","Banque","Société Générale","Semaine de décaissement",1) -> 0 | C12: =GETPIVOTDATA("Total TTC",'TABLEAU 2 TRESO - ACHATS'!$A$3,"Prestataire","CNOCD","Banque","Société Générale","Semaine de décaissement",2) -> 0 | D12: =GETPIVOTDATA("Total TTC",'TABLEAU 2 TRESO - ACHATS'!$A$3,"Prestataire","CNOCD","Banque","Société Générale","Semaine de décaissement",3) -> 0 | E12: =GETPIVOTDATA("Total TTC",'TABLEAU 2 TRESO - ACHATS'!$A$3,"Prestataire","CNOCD","Banque","Société Générale","Semaine de décaissement",4) -> 0 | F12: =GETPIVOTDATA("Total TTC",'TABLEAU 2 TRESO - ACHATS'!$A$3,"Prestataire","CNOCD","Banque","Société Générale","Semaine de décaissement",5) -> 0 | G12: =GETPIVOTDATA("Total TTC",'TABLEAU 2 TRESO - ACHATS'!$A$3,"Prestataire","CNOCD","Banque","Société Générale","Semaine de décaissement",6) -> 0 | H12: =GETPIVOTDATA("Total TTC",'TABLEAU 2 TRESO - ACHATS'!$A$3,"Prestataire","CNOCD","Banque","Société Générale","Semaine de décaissement",7) -> 0 | I12: =GETPIVOTDATA("Total TTC",'TABLEAU 2 TRESO - ACHATS'!$A$3,"Prestataire","CNOCD","Banque","Société Générale","Semaine de décaissement",8) -> 0 | J12: =GETPIVOTDATA("Total TTC",'TABLEAU 2 TRESO - ACHATS'!$A$3,"Prestataire","CNOCD","Banque","Société Générale","Semaine de décaissement",9) -> 0 | K12: =GETPIVOTDATA("Total TTC",'TABLEAU 2 TRESO - ACHATS'!$A$3,"Prestataire","CNOCD","Banque","Société Générale","Semaine de décaissement",10) -> 0 | L12: =GETPIVOTDATA("Total TTC",'TABLEAU 2 TRESO - ACHATS'!$A$3,"Prestataire","CNOCD","Banque","Société Générale","Semaine de décaissement",11) -> 0 | M12: =GETPIVOTDATA("Total TTC",'TABLEAU 2 TRESO - ACHATS'!$A$3,"Prestataire","CNOCD","Banque","Société Générale","Semaine de décaissement",12) -> 0 | N12: =GETPIVOTDATA("Total TTC",'TABLEAU 2 TRESO - ACHATS'!$A$3,"Prestataire","CNOCD","Banque","Société Générale","Semaine de décaissement",3) -> 0 | O12: =GETPIVOTDATA("Total TTC",'TABLEAU 2 TRESO - ACHATS'!$A$3,"Prestataire","CNOCD","Banque","Société Générale","Semaine de décaissement",14) -> 417 | P12: =GETPIVOTDATA("Total TTC",'TABLEAU 2 TRESO - ACHATS'!$A$3,"Prestataire","CNOCD","Banque","Société Générale","Semaine de décaissement",3) -> 0 | Q12: =GETPIVOTDATA("Total TTC",'TABLEAU 2 TRESO - ACHATS'!$A$3,"Prestataire","CNOCD","Banque","Société Générale","Semaine de décaissement",3) -> 0 | R12: =GETPIVOTDATA("Total TTC",'TABLEAU 2 TRESO - ACHATS'!$A$3,"Prestataire","CNOCD","Banque","Société Générale","Semaine de décaissement",3) -> 0 | S12: =GETPIVOTDATA("Total TTC",'TABLEAU 2 TRESO - ACHATS'!$A$3,"Prestataire","CNOCD","Banque","Société Générale","Semaine de décaissement",3) -> 0 | T12: =GETPIVOTDATA("Total TTC",'TABLEAU 2 TRESO - ACHATS'!$A$3,"Prestataire","CNOCD","Banque","Société Générale","Semaine de décaissement",3) -> 0 | U12: =GETPIVOTDATA("Total TTC",'TABLEAU 2 TRESO - ACHATS'!$A$3,"Prestataire","CNOCD","Banque","Société Générale","Semaine de décaissement",3) -> 0 | V12: =GETPIVOTDATA("Total TTC",'TABLEAU 2 TRESO - ACHATS'!$A$3,"Prestataire","CNOCD","Banque","Société Générale","Semaine de décaissement",3) -> 0 | W12: =GETPIVOTDATA("Total TTC",'TABLEAU 2 TRESO - ACHATS'!$A$3,"Prestataire","CNOCD","Banque","Société Générale","Semaine de décaissement",3) -> 0 | ... BA12: =GETPIVOTDATA("Total TTC",'TABLEAU 2 TRESO - ACHATS'!$A$3,"Prestataire","CNOCD","Banque","Société Générale","Semaine de décaissement",3) -> 0
A13: Sous-total 1 | B13: =+B9+B10-B11-B12 -> -1498.98 | C13: =+C10-C11-C12 -> -1588.23 | D13: =+D10-D11-D12 -> -7174.85 | E13: =+E10-E11-E12 -> -2653.93 | F13: =+F10-F11-F12 -> -2896.1 | G13: =+G10-G11-G12 -> 801.93 | H13: =+H10-H11-H12 -> -3049.13 | I13: =+I10-I11-I12 -> 193.65 | J13: =+J10-J11-J12 -> -3939.34 | ... BA13: =+BA10-BA11-BA12 -> -2733.5
A15: Virement + | B15: 1000 | C15: 5500.91 | D15: 1313 | F15: =1000+1389+500 -> 2889 | G15: 500 | H15: 500 | I15: 716.51 | J15: 243.54 | L15: 2313
A16: Virement - | H16: -3540.34
A17: Virements personnels | D17: -200 | E17: -155 | G17: -200 | K17: -69.04
A18: Solde fin de semaine | B18: =+SUM(B13:B17) -> -498.98 | C18: =+SUM(C13:C17)+B18 -> 3413.7 | D18: =+SUM(D13:D17)+C18 -> -2648.15 | E18: =+SUM(E13:E17)+D18 -> -5457.08 | F18: =+SUM(F13:F17)+E18 -> -5464.18 | G18: =+SUM(G13:G17)+F18 -> -4362.25 | H18: =+SUM(H13:H17)+G18 -> -10451.72 | I18: =+SUM(I13:I17)+H18 -> -9541.56 | J18: =+SUM(J13:J17)+I18 -> -13237.36 | ... BA18: =+SUM(BA13:BA17)+AZ18 -> -116225.87
A19: Crédit Agricole | B19: 2384.65 | G19: 4050.82 | L19: 366.72
A20: Encaissments | B20: =+SUM('TABLEAU TRESO 3 - RECETTES'!B9:B10) -> 8817.84 | C20: =+SUM('TABLEAU TRESO 3 - RECETTES'!C9:C10) -> 11918.56 | D20: =+SUM('TABLEAU TRESO 3 - RECETTES'!D9:D10) -> 10914.38 | E20: =+SUM('TABLEAU TRESO 3 - RECETTES'!E9:E10) -> 5740.93 | F20: =+SUM('TABLEAU TRESO 3 - RECETTES'!F9:F10) -> 9603 | G20: =+SUM('TABLEAU TRESO 3 - RECETTES'!G9:G10) -> 5056.41 | H20: =+SUM('TABLEAU TRESO 3 - RECETTES'!H9:H10) -> 6035.82 | I20: =+SUM('TABLEAU TRESO 3 - RECETTES'!I9:I10) -> 7218.35 | ... BA20: =+SUM('TABLEAU TRESO 3 - RECETTES'!BA9:BA10) -> 0
A21: Décaissements Charges fixes | B21: =+SUM('TABLEAU 1 TRESO - CHARGES FIXES'!B17:B17) -> 1000 | C21: =+SUM('TABLEAU 1 TRESO - CHARGES FIXES'!C17:C17) -> 0 | D21: =+SUM('TABLEAU 1 TRESO - CHARGES FIXES'!D17:D17) -> 0 | E21: =+SUM('TABLEAU 1 TRESO - CHARGES FIXES'!E17:E17) -> 0 | F21: =+SUM('TABLEAU 1 TRESO - CHARGES FIXES'!F17:F17) -> 1000 | G21: =+SUM('TABLEAU 1 TRESO - CHARGES FIXES'!G17:G17) -> 0 | H21: =+SUM('TABLEAU 1 TRESO - CHARGES FIXES'!H17:H17) -> 0 | I21: =+SUM('TABLEAU 1 TRESO - CHARGES FIXES'!I17:I17) -> 0 | ... BA21: =+SUM('TABLEAU 1 TRESO - CHARGES FIXES'!BA17:BA17) -> 0
A22: Décaissement Achats | B22: =+SUM('TABLEAU 2 TRESO - ACHATS'!B11:B22) -> 5607.13 | C22: =+SUM('TABLEAU 2 TRESO - ACHATS'!C11:C22) -> 425.9 | D22: =+SUM('TABLEAU 2 TRESO - ACHATS'!D11:D22) -> 818.53 | E22: =+SUM('TABLEAU 2 TRESO - ACHATS'!E11:E22) -> 461.74 | F22: =+SUM('TABLEAU 2 TRESO - ACHATS'!F11:F22) -> 1231.32 | G22: =+SUM('TABLEAU 2 TRESO - ACHATS'!G11:G22) -> 983.7 | H22: =+SUM('TABLEAU 2 TRESO - ACHATS'!H11:H22) -> 121.75 | I22: =+SUM('TABLEAU 2 TRESO - ACHATS'!I11:I22) -> 1594 | ... BA22: =+SUM('TABLEAU 2 TRESO - ACHATS'!BA11:BA22) -> 0
A23: Sous-total 1 | B23: =+B19+B20-B21-B22 -> 4595.36 | C23: =+C20-C21-C22 -> 11492.66 | D23: =+D20-D21-D22 -> 10095.85 | E23: =+E20-E21-E22 -> 5279.19 | F23: =+F20-F21-F22 -> 7371.68 | G23: =+G20-G21-G22 -> 4072.71 | H23: =+H20-H21-H22 -> 5914.07 | I23: =+I20-I21-I22 -> 5624.35 | J23: =+J20-J21-J22 -> 6587.8 | ... BA23: =+BA20-BA21-BA22 -> 0
A25: Virement + | J25: 3600
A26: Virement - | B26: -2000 | C26: -5500.91 | D26: =-1313-1500 -> -2813 | E26: =-1474.92-1171.94-4000 -> -6646.86 | F26: =-2000-1389-500 -> -3889 | G26: =-500-4709.12 -> -5209.12 | H26: =-1500-500 -> -2000 | I26: =-716.51-1171.94 -> -1888.45 | J26: =-2000-243.54 -> -2243.54 | L26: =-3718.42-2313 -> -6031.42
A27: =+A17 -> Virements personnels | B27: -984.34 | C27: -1000 | E27: -456.69 | F27: -650 | I27: -2000 | J27: -600 | K27: -899.42
A28: Solde fin de semaine | B28: =+SUM(B23:B27) -> 1611.02 | C28: =+SUM(C23:C27)+B28 -> 6602.77 | D28: =+SUM(D23:D27)+C28 -> 13885.62 | E28: =+SUM(E23:E27)+D28 -> 12061.26 | F28: =+SUM(F23:F27)+E28 -> 14893.94 | G28: =+SUM(G23:G27)+F28 -> 13757.53 | H28: =+SUM(H23:H27)+G28 -> 17671.6 | I28: =+SUM(I23:I27)+H28 -> 19407.5 | J28: =+SUM(J23:J27)+I28 -> 26751.76 | ... BA28: =+SUM(BA23:BA27)+AZ28 -> -6495.01
A29: CIC | L29: 594.32
A30: Encaissments
A31: Décaissements Charges fixes | B31: =+SUM('TABLEAU 1 TRESO - CHARGES FIXES'!B12:B15) -> 254.58 | C31: =+SUM('TABLEAU 1 TRESO - CHARGES FIXES'!C12:C15) -> 718.12 | D31: =+SUM('TABLEAU 1 TRESO - CHARGES FIXES'!D12:D15) -> 0 | E31: =+SUM('TABLEAU 1 TRESO - CHARGES FIXES'!E12:E15) -> 1171.94 | F31: =+SUM('TABLEAU 1 TRESO - CHARGES FIXES'!F12:F15) -> 150 | G31: =+SUM('TABLEAU 1 TRESO - CHARGES FIXES'!G12:G15) -> 104.58 | H31: =+SUM('TABLEAU 1 TRESO - CHARGES FIXES'!H12:H15) -> 718.12 | I31: =+SUM('TABLEAU 1 TRESO - CHARGES FIXES'!I12:I15) -> 0 | ... BA31: =+SUM('TABLEAU 1 TRESO - CHARGES FIXES'!BA12:BA15) -> 1171.94
A32: Décaissement Achats | B32: =+SUM('TABLEAU 2 TRESO - ACHATS'!B24:B27) -> 5127.13 | C32: =+SUM('TABLEAU 2 TRESO - ACHATS'!C24:C27) -> 425.9 | D32: =+SUM('TABLEAU 2 TRESO - ACHATS'!D24:D27) -> 948.18 | E32: =+SUM('TABLEAU 2 TRESO - ACHATS'!E24:E27) -> 1734.5 | F32: =+SUM('TABLEAU 2 TRESO - ACHATS'!F24:F27) -> 1231.32 | G32: =+SUM('TABLEAU 2 TRESO - ACHATS'!G24:G27) -> 983.7 | H32: =+SUM('TABLEAU 2 TRESO - ACHATS'!H24:H27) -> 1090.64 | I32: =+SUM('TABLEAU 2 TRESO - ACHATS'!I24:I27) -> 2446.16 | ... BA32: =+SUM('TABLEAU 2 TRESO - ACHATS'!BA24:BA27) -> 0
A33: Sous-total 1 | B33: =+B30-B31-B32 -> -5381.71 | C33: =+C30-C31-C32 -> -1144.02 | D33: =+D30-D31-D32 -> -948.18 | E33: =+E30-E31-E32 -> -2906.44 | F33: =+F30-F31-F32 -> -1381.32 | G33: =+G30-G31-G32 -> -1088.28 | H33: =+H30-H31-H32 -> -1808.76 | I33: =+I30-I31-I32 -> -2446.16 | ... BA33: =+BA30-BA31-BA32 -> -1171.94
A35: Virement + | B35: 1000 | D35: 1500 | E35: =1474.92+1171.94+4000 -> 6646.86 | F35: 1000 | G35: 4709.12 | H35: =1500+3540.34 -> 5040.34 | I35: 1171.94 | J35: 2000 | L35: 3718.42
A36: Virement - | J36: -3600
A37: =+A27 -> Virements personnels | B37: -300 | D37: -600 | E37: -1200 | F37: -500 | G37: -4300 | H37: -1750 | I37: -500 | J37: =-8100+6000 -> -2100 | L37: =-3000+250-150 -> -2900
A38: Solde fin de semaine | B38: =+SUM(B33:B37) -> -4681.71 | C38: =+SUM(C33:C37)+B38 -> -5825.73 | D38: =+SUM(D33:D37)+C38 -> -5873.91 | E38: =+SUM(E33:E37)+D38 -> -3333.49 | F38: =+SUM(F33:F37)+E38 -> -4214.81 | G38: =+SUM(G33:G37)+F38 -> -4893.97 | H38: =+SUM(H33:H37)+G38 -> -3412.39 | I38: =+SUM(I33:I37)+H38 -> -5186.61 | J38: =+SUM(J33:J37)+I38 -> -11332.37 | ... BA38: =+SUM(BA33:BA37)+AZ38 -> -69775.64
A39: Total général | B39: =+B18+B28+B38 -> -3569.67 | C39: =+C18+C28+C38 -> 4190.74 | D39: =+D18+D28+D38 -> 5363.56 | E39: =+E18+E28+E38 -> 3270.69 | F39: =+F18+F28+F38 -> 5214.95 | G39: =+G18+G28+G38 -> 4501.31 | H39: =+H18+H28+H38 -> 3807.49 | I39: =+I18+I28+I38 -> 4679.33 | ... BA39: =+BA18+BA28+BA38 -> -192496.52
